 Dungeon Crawl Stone Soup version 0.30-a0-165-g1891117ce2 (webtiles) character file.

Game seed: 10159339748871094460

232877 qw the Severer (level 19, 0/128 HPs)
             Began as a Gargoyle Fighter on Sept 28, 2022.
             Was a High Priest of Okawaru.
             Slain by an ettin
             ... wielding a +0 dire flail
              (32 damage)
             ... on level 1 of the Vaults.
             The game lasted 00:17:35 (29921 turns).

qw the Severer (Gargoyle Fighter)                  Turns: 29921, Time: 00:17:35

Health: 0/128      AC: 59    Str: 35    XL:     19   Next: 55%
Magic:  20/26      EV: 15    Int: 14    God:    Okawaru [*****.]
Gold:   860        SH: 14    Dex:  8    Spells: 18/18 levels left

rFire   + . .      SeeInvis +    u - +3 broad axe (protect)
rCold   + + +      Faith    .    y - +0 kite shield
rNeg    + + .      Spirit   .    c - +7 plate armour of Foolhardiness {Int+5}
rPois   inf        Reflect  .    s - +2 helmet of the Original Sin {rC+}
rElec   +          Harm     .    q - scarf {repulsion}
rCorr   .          Rampage  .    g - +2 pair of gloves
Will    +....                    t - +2 pair of boots
Stlth   ..........               m - amulet of regeneration
HPRegen 1.11/turn                F - ring "Nusuetz" {rF+ rC+ rN+ Str+4}
MPRegen 0.20/turn                A - +4 ring of evasion

@: heroic, finesse-ful, marked, under a protective aura, flying, slowed, repel
missiles, very slow
A: sickness immunity, AC +14, big wings, negative energy resistance 1,
electricity resistance, torment resistance 1, petrification resistance, see
invisible, cold resistance 1, strong 1, MP-powered wands
}: 1/15 runes: gossamer
a: Renounce Religion, Heroism, Finesse, Duel


You were on level 1 of the Vaults.
You worshipped Okawaru.
Okawaru was extremely pleased with you.
You visited 6 branches of the dungeon, and saw 30 of its levels.

You collected 2879 gold pieces.
You spent 2019 gold pieces at shops.


Innate Abilities, Weirdness & Mutations

You are immune to sickness and miasma.
Your stone body is resilient. (AC +14)
You are immune to poison.
Your large and strong wings let you fly.
You resist negative energy. (rN+)
You are resistant to electric shocks. (rElec)
You are resistant to unholy torment.
You are immune to petrification.
You have supernaturally acute eyesight. (SInv)
Your flesh is cold resistant. (rC+)
Your muscles are strong. (Str +4, Int/Dex -1)
You expend magic power (3 MP) to strengthen your wands.


   Skills:
 - Level 17.0(22.0) Fighting
 - Level 18.0(23.0) Axes
 + Level 9.4(14.4) Throwing
 - Level 16.0(21.0) Armour
 - Level 6.0(11.0) Dodging
 - Level 16.0(21.0) Shields
 - Level 10.1 Invocations


You had 18 spell levels left.
You didn't know any spells.
Your spell library was empty.

Inventory:

Hand Weapons
 u - a +3 broad axe of protection (weapon)
Missiles
 b - 12 javelins
 i - 37 boomerangs
 C - 6 silver javelins (quivered)
Armour
 c - the +7 plate armour of Foolhardiness (worn) {Int+5}
   (Okawaru gifted it to you on level 2 of the Spider Nest)

   Int:       It affects your intelligence (+5).
 g - a +2 pair of gloves (worn)
 o - a +1 cloak
 q - a scarf of repulsion (worn)
 s - the +2 helmet of the Original Sin (worn) {rC+}
   (Okawaru gifted it to you on level 1 of the Lair of Beasts)

   rC:        It protects you from cold.
 t - a +2 pair of boots (worn)
 v - the +4 plate armour "Peoq" {Harm rC++}
   (Okawaru gifted it to you on level 2 of the Orcish Mines)

   rC:        It greatly protects you from cold.
   Harm:      It increases damage dealt and taken.
 w - a +2 plate armour of cold resistance
 y - a +0 kite shield (worn)
 E - a +1 plate armour of fire resistance
Jewellery
 h - a ring of protection from fire
 m - an amulet of regeneration (around neck)
 n - the ring of Descent {Fire rN+}
   (You found it on level 3 of the Lair of Beasts)

   [ring of fire]

   It enhances your fire magic.
   rF:        It protects you from fire.
   rC:        It makes you vulnerable to cold.
   rN:        It protects you from negative energy.
 x - a ring of resist corrosion
 A - a +4 ring of evasion (right hand)
 F - the ring "Nusuetz" (left hand) {rF+ rC+ rN+ Str+4}
   (You bought it in a shop on level 2 of the Orcish Mines)

   [ring of positive energy]

   Str:       It affects your strength (+4).
   rF:        It protects you from fire.
   rC:        It protects you from cold.
   rN:        It protects you from negative energy.
Scrolls
 j - 16 scrolls of identify
 B - a scroll of enchant armour
Potions
 a - 5 potions of heal wounds
 d - 5 potions of might
 e - 16 potions of haste
 f - a potion of magic
 k - 9 potions of curing
 l - 8 potions of attraction
 p - 4 potions of resistance
 r - 3 potions of mutation
 z - 2 potions of lignification
 D - a potion of cancellation

Dungeon Overview and Level Annotations

Branches:
Dungeon (15/15)            Temple (0/1) D:7            Lair (5/5) D:10
 Shoals (3/4) Lair:2       Spider (4/4) Lair:3        Slime (0/5) Lair:5
    Orc (2/2) D:10            Elf (0/3) Orc:2        Vaults (1/5) D:13
 Depths (0/4) D:15

Altars:
Ashenzari
Dithmenos
Fedhas
Makhleb
Okawaru
Qazlal
Ru
Sif Muna
Uskayaw
Zin
Jiyva
Lugonu

Shops:
D:2 (   D:12 [   Orc:1 =   Orc:2 *([!   Shoals:1 (?

Portals:
Abyss: Lair:5

Annotations:
D:3 1 runed translucent door, qw's ghost, amateur GrFi
D:6 3 runed translucent doors, qw's ghost, novice GrFi
D:14 3 runed translucent doors, Opnastoc's ghost, journeyman MiBe


Message History

You barely miss the white very ugly thing.
You slice the sphinx!! You slash the vault sentinel!
You slash the vault warden! You slash the deep troll!
You slash the vault warden!
The white very ugly thing engulfs you but does no damage.
You block the sphinx's attack. x2; The sphinx hits you but does no damage.
You slash the sphinx!
The sphinx is almost dead.
You slash the deep troll! You slice the vault warden!!
You slice the white very ugly thing!! You hit the vault sentinel.
You slice the vault warden!! You block the vault warden's attack.
You block the deep troll's attack. x2
The deep troll claws you but does no damage.
The ironbound convoker casts a spell at the vault warden.
The vault warden seems to grow stronger.
The vault sentinel points at you and mumbles some strange words.
You barely resist.
The vault warden hits you with a +0 war axe.
You hit the sphinx but do no damage.
The sphinx is almost dead.
You barely miss the vault sentinel. You closely miss the vault warden.
You slash the deep troll! You closely miss the vault warden.
You hit the white very ugly thing.
You feel like a meek peon again. The sphinx hits you but does no damage.
The sphinx misses you. The sphinx hits you but does no damage.
You block the white very ugly thing's attack.
29921 ||| INVOKING Heroism.
You gain the combat prowess of a mighty hero.
The vault sentinel blows a loud note on a signal horn! x2
The vault warden activates a sealing rune.
A door slams shut!
The deep troll closely misses you. x2
The deep troll claws you but does no damage.
You block the vault warden's attack. You block the sphinx's attack. x2
The sphinx hits you but does no damage. The white very ugly thing engulfs you.
The white very ugly thing freezes you! You resist. The vault warden misses you.
The vault warden hits you but does no damage.
The vault sentinel points at you and mumbles some strange words.
The mark upon you grows brighter. The ettin completely misses you.
The ettin hits you with a +0 dire flail!!
You die...

...########
...'......#
####......# #......#
#......##############
#.....)#.............
#......+.............
########....)pT......
#....C@pO.....
#....Hpu......
#....cpp......
#.............
#.............
###+#++####### ##
#p...# .# #....# .#
#.#..#


You could see a white very ugly thing (strong), a sphinx (strong), 2 vault
wardens, an ironbound thunderhulk, a yaktaur captain, an ettin (strong), a deep
troll, a vault sentinel (catching breath) and 2 ironbound convokers.

Vanquished Creatures
  Arachne (Spider:2)
  Mlioglotl (Spider:3)
  Asterion (Vaults:1)
  A sphinx (Vaults:1)
  Donald (Orc:2)
  Kirke (Lair:5)
  Aizul (Shoals:1)
  4 vault wardens (Vaults:1)
  2 emperor scorpions
  5 ghost moths
  An orc warlord (Orc:2)
  5 ironbound preservers (Vaults:1)
  4 ironbound thunderhulks (Vaults:1)
  2 broodmothers
  Nessos (D:15)
  6 spark wasps
  An ettin (Orc:2)
  Snorg (Orc:1)
  2 merfolk javelineers
  A fire dragon (D:15)
  4 merfolk impalers
  8 entropy weavers
  3 great orbs of eyes (Vaults:1)
  A yaktaur captain (Vaults:1)
  7 vault guards
  An ice dragon (D:15)
  A rakshasa (D:10)
  A merfolk avatar (Shoals:2)
  4 radroaches
  A ghost crab (Spider:1)
  A catoblepas (Lair:5)
  2 jorogumos
  3 hydras
  5 ironbound frosthearts (Vaults:1)
  6 centaur warriors
  10 boulder beetles
  3 two-headed ogres
  2 alligator snapping turtles
  A death knight (D:8)
  A death scarab (Spider:4)
  7 death yaks (Lair:5)
  Urug (Lair:5)
  2 orc high priests
  2 pharaoh ants
  2 sun moths (Spider:2)
  4 thrashing horrors (Lair:5)
  3 large abominations (Lair:5)
  3 sea snakes
  18 deep trolls (Vaults:1)
  7 steelbarb worms
  14 orb spiders
  2 glowing orange brains (Vaults:1)
  Pikel (D:5)
  16 harpies
  2 ironbound convokers (Vaults:1)
  2 necromancers (D:13)
  A wizard (D:13)
  2 deep elf pyromancers
  2 orc sorcerers (Orc:2)
  5 cyclopes
  23 wolf spiders
  12 fauns
  20 ugly things
  4 black mambas
  7 manticores
  8 moths of wrath
  12 elephants
  Joseph (D:7)
  A smoke demon (Lair:5)
  17 cane toads
  2 vault sentinels (Vaults:1)
  8 merfolk sirens
  9 torpor snails
  3 water nymphs (Shoals:2)
  4 gargoyles
  2 kobold demonologists (D:13)
  12 demonic crawlers
  An efreet (D:12)
  10 komodo dragons
  19 yaktaurs
  A tengu conjurer (D:13)
  4 rime drakes (Lair:3)
  2 ancient zymes (Lair:5)
  4 red devils (D:12)
  7 harpy zombies (Shoals:2)
  10 trolls
  5 wind drakes
  3 meliai (Spider:4)
  31 tarantellas
  11 hornets
  3 tyrant leeches (Spider:1)
  29 blink frogs
  A raiju (shapeshifter) (D:14)
  13 merfolk
  3 snapping turtles
  7 slime creatures
  7 dream sheep
  3 water elementals
  Sigmund (D:5)
  A centaur simulacrum (D:15)
  24 culicivoras
  34 jumping spiders
  4 shadows
  A vampire (D:13)
  21 humans
  3 fire bats (Orc:1)
  7 wyverns
  A wraith (D:12)
  2 hogs (Lair:5)
  17 vampire mosquitoes
  63 yaks
  Eustachio (D:5)
  7 basilisks
  66 redbacks
  5 chaos spawn (Lair:5)
  3 steam dragons
  3 wargs
  2 acid dragons
  Menkaure (D:5)
  15 water moccasins
  2 ice beasts
  10 small abominations (Lair:5)
  28 orc warriors
  2 black bears
  A tengu (shapeshifter) (D:8)
  4 ogres
  3 boggarts (Vaults:1)
  9 wolves (Lair:2)
  8 centaurs
  2 phantoms (D:6)
  4 lemures
  3 kobold brigands
  13 bullfrogs
  2 gnoll sergeants
  4 necrophages
  2 scorpions
  3 wights (D:8)
  2 killer bees (D:9)
  7 electric eels
  4 howler monkeys
  5 jellies
  A gnoll bouda (D:5)
  9 orc priests
  3 hounds
  5 iguanas
  21 orc wizards
  6 adders
  10 gnolls
  A shadow imp (D:6)
  2 white imps
  An ufetubus (D:5)
  A worm (D:3)
  3 dart slugs
  92 orcs
  2 bat zombies (Shoals:2)
  9 endoplasms
  3 giant cockroaches
  6 goblins
  5 hobgoblins
  4 jackals (D:1)
  2 quokkas
  3 training dummies (Shoals:1)
  4 ball pythons
  3 bats
  2 frilled lizards
  21 kobolds
  3 rats
1144 creatures vanquished.

Vanquished Creatures (others)
  An orb spider (Spider:4)
  A wizard (Vaults:1)
  Maurice (D:8)
  25 fungi
  58 plants
  2 starspawn tentacles (Spider:3)
  14 toadstools (Lair:2)
102 creatures vanquished.

Grand Total: 1246 creatures vanquished

Notes
Turn   | Place    | Note
-------+----------+-------------------------------------------
     0 | D:1      | qw the Gargoyle Fighter began the quest for the Orb.
     0 | D:1      | Reached XP level 1. HP: 14/14 MP: 1/1
     0 | D:1      | 0 ||| qw: Version: 0.2-a-12-gaebbb33
     0 | D:1      | 0 ||| qw: Game counter: 771
     0 | D:1      | 0 ||| qw: Always use a shield: true
     0 | D:1      | 0 ||| qw: God list: Okawaru
     0 | D:1      | 0 ||| qw: Allow faded altars: false
     0 | D:1      | 0 ||| qw: Do Orc after D:15 true
     0 | D:1      | 0 ||| qw: Do second Lair branch before Depths: true
     0 | D:1      | 0 ||| qw: Lair rune preference: random
     0 | D:1      | 0 ||| qw: Plans: Normal, Zot:1-4, God:TSO, Crypt, Tomb,
                  | Pan, Slime:5, Hells, Abyss, Orb
     0 | D:1      | 0 ||| PLANNING D:1-11
   121 | D:1      | Reached skill level 2 in Axes
   295 | D:1      | Reached XP level 2. HP: 13/19 MP: 2/2
   308 | D:1      | HP: 3/19 [quokka (2)]
   570 | D:1      | 570 ||| Stepping ~*~*~tactically~*~*~ (stealth).
   767 | D:1      | Found a faded altar of an unknown god.
   839 | D:1      | 839 ||| Stepping ~*~*~tactically~*~*~ (stealth).
   852 | D:1      | Reached skill level 3 in Axes
  1063 | D:1      | Reached XP level 3. HP: 23/23 MP: 3/3
  1215 | D:1      | 1215 ||| UPGRADING to +2 pair of gloves.
  1220 | D:1      | 1220 ||| READING scroll labelled JOT OMMAQAGANE.
  1221 | D:1      | 1221 ||| READING scroll labelled HAT UCELEIG.
  1222 | D:1      | 1222 ||| READING 3 scrolls labelled BUUTOEKHLUATO.
  1223 | D:1      | 1223 ||| DRINKING 2 bubbling ruby potions.
  1224 | D:1      | 1224 ||| DRINKING 2 bubbling dark potions.
  1224 | D:1      | Gained mutation: You are occasionally teleported next to
                  | monsters. [potion of mutation]
  1224 | D:1      | Gained mutation: Your body sometimes deteriorates upon
                  | taking damage. [potion of mutation]
  1225 | D:1      | 1225 ||| DRINKING potion of mutation.
  1225 | D:1      | Lost mutation: Your body sometimes deteriorates upon taking
                  | damage. [potion of mutation]
  1225 | D:1      | Lost mutation: You are occasionally teleported next to
                  | monsters. [potion of mutation]
  1225 | D:1      | Gained mutation: Your flesh is cold resistant. (rC+)
                  | [potion of mutation]
  1225 | D:1      | Gained mutation: You have hidden genetic potential. [potion
                  | of mutation]
  1225 | D:1      | Gained mutation: You have supernaturally acute eyesight.
                  | (SInv) [potion of mutation]
  1226 | D:1      | 1226 ||| READING 2 scrolls of identify.
  1226 | D:1      | 1226 ||| IDENTIFYING fuming grey potion
  1676 | D:2      | Found Yzafivo's Antique Weapon Emporium.
  1684 | D:2      | 1684 ||| SHOPLISTING runed morningstar (189 gold, have
                  | 106).
  1873 | D:2      | 1873 ||| UPGRADING to amulet of regeneration.
  1878 | D:2      | 1878 ||| DROPPING +6 ring of intelligence.
  1879 | D:2      | 1879 ||| READING scroll labelled DOSUIS FIAPI.
  1880 | D:2      | 1880 ||| READING 2 scrolls labelled BICOFR COLEM.
  1881 | D:2      | 1881 ||| READING scroll labelled LUEWKU MAEF.
  1882 | D:2      | 1882 ||| READING 2 scrolls labelled XYOXZU USIUT.
  1885 | D:2      | 1885 ||| DROPPING scroll of fog.
  1964 | D:3      | 1964 ||| Stepping ~*~*~tactically~*~*~ (stealth).
  2032 | D:3      | Reached XP level 4. HP: 28/28 MP: 4/4
  2039 | D:3      | Found a runed translucent door.
  2040 | D:3      | Noticed qw's ghost (amateur GrFi)
  2051 | D:3      | Gained mutation: Your muscles are strong. (Str +4, Int/Dex
                  | -1) [hidden potential]
  2095 | D:3      | Reached skill level 4 in Axes
  2126 | D:3      | 2126 ||| Stepping ~*~*~tactically~*~*~ (hiding).
  2312 | D:3      | 2312 ||| Stepping ~*~*~tactically~*~*~ (stealth).
  2314 | D:3      | 2314 ||| Stepping ~*~*~tactically~*~*~ (stealth).
  2327 | D:3      | Found a sacrificial altar of Ru.
  2332 | D:3      | 2332 ||| Stepping ~*~*~tactically~*~*~ (stealth).
  2337 | D:3      | Found an iron altar of Okawaru.
  2337 | D:3      | Found a broken altar of Ashenzari.
  2338 | D:3      | 2338 ||| PLANNING OKAWARU WORSHIP
  2338 | D:3      | 2338 ||| FLEEEEING.
  2339 | D:3      | 2339 ||| FLEEEEING.
  2340 | D:3      | 2340 ||| FLEEEEING.
  2341 | D:3      | 2341 ||| FLEEEEING.
  2342 | D:3      | 2342 ||| FLEEEEING.
  2343 | D:3      | 2343 ||| FLEEEEING.
  2344 | D:3      | 2344 ||| FLEEEEING.
  2345 | D:3      | 2345 ||| FLEEEEING.
  2346 | D:3      | 2346 ||| FLEEEEING.
  2347 | D:3      | 2347 ||| FLEEEEING.
  2348 | D:3      | 2348 ||| FLEEEEING.
  2349 | D:3      | 2349 ||| FLEEEEING.
  2350 | D:3      | 2350 ||| FLEEEEING.
  2351 | D:3      | 2351 ||| FLEEEEING.
  2352 | D:3      | 2352 ||| FLEEEEING.
  2353 | D:3      | 2353 ||| FLEEEEING.
  2354 | D:3      | 2354 ||| FLEEEEING.
  2355 | D:3      | 2355 ||| FLEEEEING.
  2356 | D:3      | 2356 ||| FLEEEEING.
  2357 | D:3      | 2357 ||| FLEEEEING.
  2358 | D:3      | 2358 ||| FLEEEEING.
  2359 | D:3      | 2359 ||| FLEEEEING.
  2360 | D:3      | 2360 ||| FLEEEEING.
  2361 | D:3      | 2361 ||| FLEEEEING.
  2364 | D:3      | 2364 ||| FLEEEEING.
  2365 | D:3      | 2365 ||| FLEEEEING.
  2366 | D:3      | 2366 ||| STAIRDANCE
  2368 | D:2      | 2368 ||| DROPPING ring of flight.
  2369 | D:2      | 2369 ||| READING 2 scrolls of identify.
  2369 | D:2      | 2369 ||| IDENTIFYING cyan potion
  2373 | D:3      | 2373 ||| STAIRDANCE
  2412 | D:3      | Became a worshipper of Warmaster Okawaru
  2413 | D:3      | 2413 ||| PLANNING D:1-11
  2518 | D:3      | Found a hide-covered altar of Uskayaw.
  2525 | D:3      | Reached XP level 5. HP: 32/32 MP: 5/5
  2697 | D:3      | 2697 ||| READING scroll labelled GAV MUBEMUESS.
  2698 | D:3      | 2698 ||| READING 3 scrolls of identify.
  2698 | D:3      | 2698 ||| IDENTIFYING fuming blue potion
  2699 | D:3      | 2699 ||| READING 2 scrolls of identify.
  2699 | D:3      | 2699 ||| IDENTIFYING clear potion
  2700 | D:3      | 2700 ||| DROPPING potion of flight.
  2860 | D:4      | Gained mutation: You expend magic power (3 MP) to
                  | strengthen your wands. [hidden potential]
  2860 | D:4      | Lost mutation: You have hidden genetic potential. [hidden
                  | potential expressed]
  2910 | D:4      | 2910 ||| Stepping ~*~*~tactically~*~*~ (hiding).
  2913 | D:4      | 2913 ||| Stepping ~*~*~tactically~*~*~ (hiding).
  2925 | D:4      | 2925 ||| Stepping ~*~*~tactically~*~*~ (stealth).
  2926 | D:4      | 2926 ||| Stepping ~*~*~tactically~*~*~ (hiding).
  2927 | D:4      | 2927 ||| Stepping ~*~*~tactically~*~*~ (hiding).
  2933 | D:4      | Reached skill level 5 in Axes
  2939 | D:4      | Noticed a black bear
  2940 | D:4      | 2940 ||| Stepping ~*~*~tactically~*~*~ (hiding).
  2941 | D:4      | 2941 ||| Stepping ~*~*~tactically~*~*~ (hiding).
  2944 | D:4      | 2944 ||| Stepping ~*~*~tactically~*~*~ (hiding).
  2962 | D:4      | 2962 ||| DROPPING +0 whip.
  2969 | D:4      | Killed a black bear
  2970 | D:4      | Reached XP level 6. HP: 34/40 MP: 6/6
  3372 | D:4      | 3372 ||| Stepping ~*~*~tactically~*~*~ (hiding).
  3797 | D:4      | 3797 ||| READING scroll labelled KOITEHE TIHO.
  3798 | D:4      | 3798 ||| READING scroll labelled XUIKIE DISHA.
  3806 | D:4      | 3806 ||| READING scroll labelled JEYSAP MOTRE.
  3807 | D:4      | 3807 ||| DRINKING 2 orange potions.
  3808 | D:4      | 3808 ||| READING 3 scrolls of identify.
  3808 | D:4      | 3808 ||| IDENTIFYING fuming black potion
  3809 | D:4      | 3809 ||| DROPPING potion of degeneration.
  3819 | D:5      | Entered Level 5 of the Dungeon
  3819 | D:5      | Noticed Pikel
  3820 | D:5      | 3820 ||| STAIRDANCE
  3874 | D:5      | Killed Pikel
  3874 | D:5      | Reached * piety under Okawaru
  3875 | D:5      | Reached XP level 7. HP: 14/44 MP: 7/7
  3875 | D:5      | 3875 ||| STAIRDANCE
  4012 | D:5      | Reached ** piety under Okawaru
  4013 | D:5      | Reached XP level 8. HP: 43/48 MP: 8/8
  4096 | D:5      | Found a stormy altar of Qazlal.
  4217 | D:5      | Reached skill level 1 in Invocations
  4255 | D:5      | Noticed Eustachio
  4257 | D:5      | 4257 ||| INVOKING Heroism.
  4267 | D:5      | Killed Eustachio
  4268 | D:5      | Reached skill level 6 in Axes
  4383 | D:5      | Noticed Sigmund
  4384 | D:5      | 4384 ||| Stepping ~*~*~tactically~*~*~ (hiding).
  4387 | D:5      | 4387 ||| INVOKING Heroism.
  4393 | D:5      | Killed Sigmund
  4394 | D:5      | Reached skill level 1 in Dodging
  4394 | D:5      | Reached skill level 3 in Invocations
  4499 | D:5      | 4499 ||| Stepping ~*~*~tactically~*~*~ (stealth).
  4500 | D:5      | 4500 ||| INVOKING Heroism.
  4565 | D:5      | Noticed Menkaure
  4566 | D:5      | 4566 ||| INVOKING Heroism.
  4571 | D:5      | Killed Menkaure
  4667 | D:5      | 4667 ||| UPGRADING to +0 chain mail.
  4677 | D:5      | 4677 ||| DROPPING +0 scale mail.
  4678 | D:5      | 4678 ||| UPGRADING to +0 cloak.
  4794 | D:6      | Reached skill level 7 in Axes
  4799 | D:6      | Found a shadowy altar of Dithmenos.
  4869 | D:6      | Reached XP level 9. HP: 54/54 MP: 12/12
  4904 | D:6      | Noticed qw's ghost (novice GrFi)
  4937 | D:6      | 4937 ||| FLEEEEING.
  4938 | D:6      | 4938 ||| Stepping ~*~*~tactically~*~*~ (stealth).
  4959 | D:6      | Reached *** piety under Okawaru
  4963 | D:6      | Found a runed translucent gate.
  4963 | D:6      | Found a runed translucent gate.
  4970 | D:6      | Found a runed translucent gate.
  5017 | D:6      | Reached skill level 8 in Axes
  5046 | D:6      | 5046 ||| INVOKING Heroism.
  5048 | D:6      | 5048 ||| Stepping ~*~*~tactically~*~*~ (cloud).
  5317 | D:7      | 5317 ||| Stepping ~*~*~tactically~*~*~ (hiding).
  5317 | D:7      | Found a staircase to the Ecumenical Temple.
  5318 | D:7      | 5318 ||| Stepping ~*~*~tactically~*~*~ (hiding).
  5319 | D:7      | 5319 ||| Stepping ~*~*~tactically~*~*~ (hiding).
  5320 | D:7      | 5320 ||| INVOKING Heroism.
  5330 | D:7      | Reached skill level 6 in Fighting
  5354 | D:7      | 5354 ||| Stepping ~*~*~tactically~*~*~ (hiding).
  5357 | D:7      | 5357 ||| Stepping ~*~*~tactically~*~*~ (hiding).
  5358 | D:7      | 5358 ||| INVOKING Heroism.
  5359 | D:7      | 5359 ||| Stepping ~*~*~tactically~*~*~ (hiding).
  5361 | D:7      | 5361 ||| Stepping ~*~*~tactically~*~*~ (hiding).
  5362 | D:7      | 5362 ||| Stepping ~*~*~tactically~*~*~ (stealth).
  5368 | D:7      | 5368 ||| Stepping ~*~*~tactically~*~*~ (hiding).
  5379 | D:7      | 5379 ||| INVOKING Heroism.
  5410 | D:7      | 5410 ||| DROPPING +0 hand axe of venom.
  5492 | D:7      | Found a flagged portal.
  5499 | D:7      | Reached skill level 9 in Axes
  5503 | D:7      | 5503 ||| Stepping ~*~*~tactically~*~*~ (stealth).
  5520 | D:7      | 5520 ||| Stepping ~*~*~tactically~*~*~ (hiding).
  5545 | D:7      | 5545 ||| Stepping ~*~*~tactically~*~*~ (stealth).
  5617 | D:7      | 5617 ||| INVOKING Heroism.
  5966 | D:7      | Noticed Joseph
  5967 | D:7      | 5967 ||| Stepping ~*~*~tactically~*~*~ (hiding).
  5989 | D:7      | Killed Joseph
  5989 | D:7      | Reached **** piety under Okawaru
  6190 | D:7      | 6190 ||| UPGRADING to +0 plate armour.
  6200 | D:7      | 6200 ||| DROPPING +0 chain mail.
  6201 | D:7      | 6201 ||| READING scroll labelled HINTUU PIVAXEO.
  6202 | D:7      | 6202 ||| READING 5 scrolls of identify.
  6202 | D:7      | 6202 ||| IDENTIFYING emerald potion
  6203 | D:7      | 6203 ||| READING 4 scrolls of identify.
  6203 | D:7      | 6203 ||| IDENTIFYING dark potion
  6204 | D:7      | 6204 ||| DROPPING potion of berserk rage.
  6229 | D:8      | Noticed Maurice
  6232 | D:8      | 6232 ||| Stepping ~*~*~tactically~*~*~ (hiding).
  6243 | D:8      | 6243 ||| Stepping ~*~*~tactically~*~*~ (hiding).
  6253 | D:8      | Killed Maurice
  6254 | D:8      | Reached XP level 10. HP: 59/63 MP: 13/13
  6309 | D:8      | 6309 ||| READING 2 scrolls labelled RUTAPL SISOW.
  6310 | D:8      | 6310 ||| READING scroll of enchant armour.
  6310 | D:8      | 6310 ||| ENCHANTING +0 cloak.
  6310 | D:8      | Noticed a centaur warrior
  6311 | D:8      | 6311 ||| READING 3 scrolls of teleportation.
  6316 | D:8      | Noticed a death knight
  6325 | D:8      | 6325 ||| INVOKING Heroism.
  6327 | D:8      | Killed a centaur warrior
  6327 | D:8      | Received a gift from Okawaru
  6361 | D:8      | 6361 ||| INVOKING Heroism.
  6361 | D:8      | HP: 12/63 [death knight/+0 battleaxe (10)]
  6362 | D:8      | 6362 ||| READING 2 scrolls of teleportation.
  6363 | D:8      | 6363 ||| DRINKING 4 potions of heal wounds.
  6409 | D:8      | 6409 ||| INVOKING Heroism.
  6504 | D:8      | Found a burning altar of Makhleb.
  6505 | D:8      | Found a glowing silver altar of Zin.
  6505 | D:8      | Noticed an angel
  6506 | D:8      | Noticed an Executioner
  6560 | D:8      | 6560 ||| Stepping ~*~*~tactically~*~*~ (stealth).
  6569 | D:8      | 6569 ||| INVOKING Heroism.
  6575 | D:8      | Reached skill level 6 in Armour
  6575 | D:8      | Reached skill level 6 in Invocations
  6604 | D:8      | 6604 ||| INVOKING Heroism.
  6666 | D:8      | 6666 ||| INVOKING Heroism.
  6671 | D:8      | HP: 14/63 [death knight/+0 battleaxe (21)]
  6672 | D:8      | 6672 ||| READING scroll of teleportation.
  6672 | D:8      | HP: 1/63 [death knight/+0 battleaxe (14)]
  6673 | D:8      | 6673 ||| DRINKING 3 potions of heal wounds.
  6675 | D:8      | Killed a death knight
  6675 | D:8      | Received a gift from Okawaru
  6718 | D:8      | 6718 ||| Stepping randomly (stuck).
  6719 | D:8      | 6719 ||| Stepping randomly (stuck).
  6720 | D:8      | 6720 ||| Stepping randomly (stuck).
  6721 | D:8      | 6721 ||| Stepping randomly (stuck).
  6722 | D:8      | 6722 ||| Stepping randomly (stuck).
  6723 | D:8      | 6723 ||| Stepping randomly (stuck).
  6724 | D:8      | 6724 ||| Stepping randomly (stuck).
  6725 | D:8      | 6725 ||| Stepping randomly (stuck).
  6726 | D:8      | 6726 ||| Stepping randomly (stuck).
  6727 | D:8      | 6727 ||| Stepping randomly (stuck).
  6728 | D:8      | 6728 ||| Stepping randomly (stuck).
  6729 | D:8      | 6729 ||| Stepping randomly (stuck).
  6730 | D:8      | 6730 ||| Stepping randomly (stuck).
  6731 | D:8      | 6731 ||| Stepping randomly (stuck).
  6732 | D:8      | 6732 ||| Stepping randomly (stuck).
  6733 | D:8      | 6733 ||| Stepping randomly (stuck).
  6734 | D:8      | 6734 ||| Stepping randomly (stuck).
  6735 | D:8      | 6735 ||| Stepping randomly (stuck).
  6736 | D:8      | 6736 ||| Stepping randomly (stuck).
  6737 | D:8      | 6737 ||| Stepping randomly (stuck).
  6738 | D:8      | 6738 ||| Stepping randomly (stuck).
  6739 | D:8      | 6739 ||| Stepping randomly (stuck).
  6740 | D:8      | 6740 ||| Stepping randomly (stuck).
  6741 | D:8      | 6741 ||| Stepping randomly (stuck).
  6742 | D:8      | 6742 ||| Stepping randomly (stuck).
  6743 | D:8      | 6743 ||| Stepping randomly (stuck).
  6744 | D:8      | 6744 ||| Stepping randomly (stuck).
  6745 | D:8      | 6745 ||| Stepping randomly (stuck).
  6746 | D:8      | 6746 ||| Stepping randomly (stuck).
  6747 | D:8      | 6747 ||| Stepping randomly (stuck).
  6748 | D:8      | 6748 ||| Stepping randomly (stuck).
  6749 | D:8      | 6749 ||| Stepping randomly (stuck).
  6750 | D:8      | 6750 ||| Stepping randomly (stuck).
  6751 | D:8      | 6751 ||| Stepping randomly (stuck).
  6752 | D:8      | 6752 ||| Stepping randomly (stuck).
  6753 | D:8      | 6753 ||| Stepping randomly (stuck).
  6754 | D:8      | 6754 ||| Stepping randomly (stuck).
  6755 | D:8      | 6755 ||| Stepping randomly (stuck).
  6756 | D:8      | 6756 ||| Stepping randomly (stuck).
  6757 | D:8      | 6757 ||| Stepping randomly (stuck).
  6758 | D:8      | 6758 ||| Stepping randomly (stuck).
  6761 | D:8      | 6761 ||| Stepping randomly (stuck).
  6762 | D:8      | 6762 ||| Stepping randomly (stuck).
  6763 | D:8      | 6763 ||| Stepping randomly (stuck).
  6764 | D:8      | 6764 ||| Stepping randomly (stuck).
  6765 | D:8      | 6765 ||| Stepping randomly (stuck).
  6766 | D:8      | 6766 ||| Stepping randomly (stuck).
  6767 | D:8      | 6767 ||| Stepping randomly (stuck).
  6768 | D:8      | 6768 ||| Stepping randomly (stuck).
  6779 | D:8      | 6779 ||| Stepping randomly (stuck).
  6780 | D:8      | 6780 ||| Stepping randomly (stuck).
  6781 | D:8      | 6781 ||| Stepping randomly (stuck).
  6782 | D:8      | 6782 ||| Stepping randomly (stuck).
  6783 | D:8      | 6783 ||| Stepping randomly (stuck).
  6784 | D:8      | 6784 ||| Stepping randomly (stuck).
  6785 | D:8      | 6785 ||| Stepping randomly (stuck).
  6786 | D:8      | 6786 ||| Stepping randomly (stuck).
  6787 | D:8      | 6787 ||| Stepping randomly (stuck).
  6788 | D:8      | 6788 ||| Stepping randomly (stuck).
  6789 | D:8      | 6789 ||| Stepping randomly (stuck).
  6790 | D:8      | 6790 ||| Stepping randomly (stuck).
  6791 | D:8      | 6791 ||| Stepping randomly (stuck).
  6792 | D:8      | 6792 ||| Stepping randomly (stuck).
  6793 | D:8      | 6793 ||| Stepping randomly (stuck).
  6794 | D:8      | 6794 ||| Stepping randomly (stuck).
  6795 | D:8      | 6795 ||| Stepping randomly (stuck).
  6796 | D:8      | 6796 ||| Stepping randomly (stuck).
  6797 | D:8      | 6797 ||| Stepping randomly (stuck).
  6798 | D:8      | 6798 ||| Stepping randomly (stuck).
  6799 | D:8      | 6799 ||| Stepping randomly (stuck).
  6800 | D:8      | 6800 ||| Stepping randomly (stuck).
  6801 | D:8      | 6801 ||| Stepping randomly (stuck).
  6802 | D:8      | 6802 ||| Stepping randomly (stuck).
  6803 | D:8      | 6803 ||| Stepping randomly (stuck).
  6804 | D:8      | 6804 ||| Stepping randomly (stuck).
  6805 | D:8      | 6805 ||| Stepping randomly (stuck).
  6806 | D:8      | 6806 ||| Stepping randomly (stuck).
  6807 | D:8      | 6807 ||| Stepping randomly (stuck).
  6808 | D:8      | 6808 ||| Stepping randomly (stuck).
  6809 | D:8      | 6809 ||| Stepping randomly (stuck).
  6810 | D:8      | 6810 ||| Stepping randomly (stuck).
  6811 | D:8      | 6811 ||| Stepping randomly (stuck).
  6812 | D:8      | 6812 ||| Stepping randomly (stuck).
  6814 | D:8      | 6814 ||| Stepping randomly (stuck).
  6815 | D:8      | 6815 ||| Stepping randomly (stuck).
  6988 | D:8      | Found a blossoming altar of Fedhas.
  7046 | D:8      | 7046 ||| INVOKING Heroism.
  7047 | D:8      | 7047 ||| Stepping ~*~*~tactically~*~*~ (stealth).
  7048 | D:8      | 7048 ||| Stepping ~*~*~tactically~*~*~ (stealth).
  7330 | D:9      | 7330 ||| READING scroll of enchant weapon.
  7330 | D:9      | 7330 ||| ENCHANTING +1 war axe.
  7338 | D:9      | 7338 ||| Stepping ~*~*~tactically~*~*~ (stealth).
  7339 | D:9      | Noticed a centaur warrior
  7340 | D:9      | 7340 ||| Stepping ~*~*~tactically~*~*~ (hiding).
  7341 | D:9      | 7341 ||| Stepping ~*~*~tactically~*~*~ (hiding).
  7346 | D:9      | 7346 ||| INVOKING Heroism.
  7351 | D:9      | Killed a centaur warrior
  7354 | D:9      | Reached ***** piety under Okawaru
  7429 | D:9      | Reached skill level 10 in Axes
  7447 | D:9      | 7447 ||| INVOKING Heroism.
  7460 | D:9      | Reached XP level 11. HP: 63/67 MP: 15/17
  7478 | D:9      | Received a gift from Okawaru
  7485 | D:9      | 7485 ||| Stepping ~*~*~tactically~*~*~ (stealth).
  7518 | D:9      | You fall into a shaft and drop 1 floor!
  7518 | D:10     | Entered Level 10 of the Dungeon
  7523 | D:10     | 7523 ||| INVOKING Heroism.
  7526 | D:10     | Reached skill level 9 in Invocations
  7559 | D:10     | 7559 ||| Stepping ~*~*~tactically~*~*~ (stealth).
  7561 | D:10     | 7561 ||| Stepping ~*~*~tactically~*~*~ (stealth).
  7573 | D:10     | Received a gift from Okawaru
  7589 | D:10     | 7589 ||| INVOKING Heroism.
  7595 | D:10     | Noticed a rakshasa
  7596 | D:10     | 7596 ||| Stepping ~*~*~tactically~*~*~ (hiding).
  7597 | D:10     | 7597 ||| Stepping ~*~*~tactically~*~*~ (hiding).
  7600 | D:10     | 7600 ||| Stepping ~*~*~tactically~*~*~ (hiding).
  7627 | D:10     | Killed a rakshasa
  7636 | D:10     | 7636 ||| Stepping ~*~*~tactically~*~*~ (stealth).
  7683 | D:10     | Found a staircase to the Lair.
  7686 | D:10     | 7686 ||| INVOKING Heroism.
  7709 | D:10     | 7709 ||| READING scroll of enchant weapon.
  7709 | D:10     | 7709 ||| ENCHANTING +2 war axe.
  7775 | D:10     | 7775 ||| UPGRADING to ring of protection from fire.
  7780 | D:10     | 7780 ||| Stepping ~*~*~tactically~*~*~ (hiding).
  7781 | D:10     | 7781 ||| Stepping ~*~*~tactically~*~*~ (hiding).
  7820 | D:9      | 7820 ||| INVOKING Heroism.
  7833 | D:9      | Reached ****** piety under Okawaru
  7841 | D:9      | Reached skill level 11 in Axes
  7990 | D:9      | 7990 ||| DROPPING +2 vorpal war axe.
  8364 | D:9      | 8364 ||| PLANNING LAIR
  8364 | D:9      | 8364 ||| UPGRADING to +0 pair of boots.
  8419 | Lair:1   | Entered Level 1 of the Lair of Beasts
  8440 | Lair:1   | 8440 ||| INVOKING Heroism.
  8447 | Lair:1   | Identified the +2 helmet of the Original Sin {rC+} (Okawaru
                  | gifted it to you on level 1 of the Lair of Beasts)
  8447 | Lair:1   | Received a gift from Okawaru
  8457 | Lair:1   | 8457 ||| Stepping ~*~*~tactically~*~*~ (stealth).
  8466 | Lair:1   | Reached XP level 12. HP: 73/73 MP: 19/19
  8507 | Lair:1   | 8507 ||| INVOKING Heroism.
  8511 | Lair:1   | Reached skill level 9 in Fighting
  8560 | Lair:1   | 8560 ||| DROPPING +0 flail.
  8609 | Lair:1   | 8609 ||| SWAPPING to +0 broad axe.
  8610 | Lair:1   | 8610 ||| DROPPING +3 war axe.
  8742 | Lair:1   | 8742 ||| INVOKING Heroism.
  8881 | Lair:1   | 8881 ||| Stepping ~*~*~tactically~*~*~ (stealth).
  8887 | Lair:1   | 8887 ||| INVOKING Heroism.
  8993 | Lair:1   | 8993 ||| UPGRADING to +2 helmet of the Original Sin {rC+}.
  8998 | Lair:1   | 8998 ||| DROPPING amulet of guardian spirit.
  9025 | Lair:2   | 9025 ||| STAIRDANCE
  9034 | Lair:2   | 9034 ||| STAIRDANCE
  9048 | Lair:2   | 9048 ||| STAIRDANCE
  9062 | Lair:2   | 9062 ||| Stepping ~*~*~tactically~*~*~ (stealth).
  9069 | Lair:2   | 9069 ||| Stepping ~*~*~tactically~*~*~ (stealth).
  9088 | Lair:2   | 9088 ||| Stepping ~*~*~tactically~*~*~ (stealth).
  9089 | Lair:2   | 9089 ||| Stepping ~*~*~tactically~*~*~ (stealth).
  9094 | Lair:2   | 9094 ||| INVOKING Heroism.
  9152 | Lair:2   | Reached skill level 9 in Armour
  9176 | Lair:2   | 9176 ||| INVOKING Heroism.
  9179 | Lair:2   | Reached skill level 12 in Axes
  9207 | Lair:2   | Reached skill level 6 in Shields
  9265 | Lair:2   | 9265 ||| READING scroll of enchant weapon.
  9265 | Lair:2   | 9265 ||| ENCHANTING +0 broad axe.
  9270 | Lair:2   | 9270 ||| INVOKING Heroism.
  9377 | Lair:2   | Found a blossoming altar of Fedhas.
  9399 | Lair:2   | 9399 ||| INVOKING Heroism.
  9400 | Lair:2   | 9400 ||| INVOKING Finesse.
  9524 | Lair:2   | Found a staircase to the Shoals.
  9597 | Lair:2   | 9597 ||| Stepping ~*~*~tactically~*~*~ (stealth).
  9606 | Lair:2   | 9606 ||| INVOKING Heroism.
  9618 | Lair:2   | Received a gift from Okawaru
  9654 | Lair:2   | 9654 ||| INVOKING Heroism.
  9697 | Lair:2   | Received a gift from Okawaru
  9794 | Lair:2   | 9794 ||| INVOKING Heroism.
  9861 | Lair:2   | Reached XP level 13. HP: 66/82 MP: 20/20
 10279 | Lair:3   | 10279 ||| STAIRDANCE
 10296 | Lair:3   | 10296 ||| STAIRDANCE
 10298 | Lair:2   | 10298 ||| INVOKING Heroism.
 10321 | Lair:3   | Reached skill level 13 in Axes
 10323 | Lair:3   | 10323 ||| Stepping ~*~*~tactically~*~*~ (stealth).
 10327 | Lair:3   | 10327 ||| STAIRDANCE
 10346 | Lair:3   | 10346 ||| STAIRDANCE
 10380 | Lair:3   | 10380 ||| INVOKING Heroism.
 10381 | Lair:3   | 10381 ||| Stepping ~*~*~tactically~*~*~ (hiding).
 10394 | Lair:3   | Identified the +1 battleaxe of Zuelut {drain, rC++ Int+3}
                  | (Okawaru gifted it to you on level 3 of the Lair of Beasts)
 10394 | Lair:3   | Received a gift from Okawaru
 10477 | Lair:3   | 10477 ||| INVOKING Heroism.
 10536 | Lair:3   | 10536 ||| Stepping ~*~*~tactically~*~*~ (stealth).
 10691 | Lair:3   | 10691 ||| INVOKING Heroism.
 10731 | Lair:3   | Identified the ring of Descent {Fire rN+}
 10772 | Lair:3   | 10772 ||| Stepping ~*~*~tactically~*~*~ (hiding).
 10785 | Lair:3   | 10785 ||| INVOKING Heroism.
 10816 | Lair:3   | Found a hole to the Spider Nest.
 11056 | Lair:3   | 11056 ||| UPGRADING to ring of Descent {Fire rN+}.
 11057 | Lair:3   | 11057 ||| READING 6 scrolls of identify.
 11057 | Lair:3   | 11057 ||| IDENTIFYING inky potion
 11058 | Lair:3   | 11058 ||| DROPPING potion of brilliance.
 11084 | Lair:4   | 11084 ||| STAIRDANCE
 11096 | Lair:4   | 11096 ||| STAIRDANCE
 11113 | Lair:4   | 11113 ||| STAIRDANCE
 11123 | Lair:4   | 11123 ||| INVOKING Heroism.
 11125 | Lair:4   | Reached skill level 14 in Axes
 11188 | Lair:4   | 11188 ||| READING scroll of enchant armour.
 11188 | Lair:4   | 11188 ||| ENCHANTING +0 pair of boots.
 11221 | Lair:4   | 11221 ||| INVOKING Heroism.
 11382 | Lair:4   | 11382 ||| Stepping ~*~*~tactically~*~*~ (stealth).
 11384 | Lair:4   | 11384 ||| Stepping ~*~*~tactically~*~*~ (stealth).
 11386 | Lair:4   | 11386 ||| Stepping ~*~*~tactically~*~*~ (stealth).
 11390 | Lair:4   | 11390 ||| INVOKING Heroism.
 11401 | Lair:4   | Received a gift from Okawaru
 11465 | Lair:4   | 11465 ||| READING scroll of enchant weapon.
 11465 | Lair:4   | 11465 ||| ENCHANTING +1 broad axe.
 11609 | Lair:4   | 11609 ||| Stepping ~*~*~tactically~*~*~ (stealth).
 11610 | Lair:4   | 11610 ||| INVOKING Heroism.
 11612 | Lair:4   | 11612 ||| Stepping ~*~*~tactically~*~*~ (stealth).
 11774 | Lair:4   | 11774 ||| INVOKING Heroism.
 11775 | Lair:4   | 11775 ||| INVOKING Finesse.
 11778 | Lair:4   | 11778 ||| SWAPPING to +1 flail of protection.
 11781 | Lair:4   | 11781 ||| Stepping ~*~*~tactically~*~*~ (stealth).
 11786 | Lair:4   | 11786 ||| SWAPPING to +2 broad axe.
 11822 | Lair:4   | 11822 ||| Stepping ~*~*~tactically~*~*~ (stealth).
 12067 | Lair:4   | 12067 ||| UPGRADING to scarf of repulsion.
 12115 | Lair:5   | Entered Level 5 of the Lair of Beasts
 12129 | Lair:5   | Noticed Kirke
 12130 | Lair:5   | 12130 ||| INVOKING Heroism.
 12131 | Lair:5   | 12131 ||| INVOKING Finesse.
 12144 | Lair:5   | Killed Kirke
 12201 | Lair:5   | 12201 ||| Stepping ~*~*~tactically~*~*~ (stealth).
 12221 | Lair:5   | 12221 ||| Stepping ~*~*~tactically~*~*~ (stealth).
 12223 | Lair:5   | 12223 ||| Stepping ~*~*~tactically~*~*~ (hiding).
 12233 | Lair:5   | 12233 ||| Stepping ~*~*~tactically~*~*~ (hiding).
 12239 | Lair:5   | 12239 ||| INVOKING Heroism.
 12241 | Lair:5   | 12241 ||| INVOKING Finesse.
 12242 | Lair:5   | 12242 ||| INVOKING Finesse.
 12251 | Lair:5   | Gained mutation: Your large and strong wings let you fly.
                  | [Gargoyle growth]
 12251 | Lair:5   | Reached XP level 14. HP: 90/90 MP: 14/21
 12376 | Lair:5   | Found a staircase to the Slime Pits.
 12376 | Lair:5   | Found a viscous altar of Jiyva.
 12381 | Lair:5   | 12381 ||| Stepping ~*~*~tactically~*~*~ (stealth).
 12385 | Lair:5   | 12385 ||| Stepping ~*~*~tactically~*~*~ (stealth).
 12559 | Lair:5   | 12559 ||| Stepping ~*~*~tactically~*~*~ (stealth).
 12561 | Lair:5   | 12561 ||| Stepping ~*~*~tactically~*~*~ (stealth).
 12565 | Lair:5   | 12565 ||| INVOKING Heroism.
 12567 | Lair:5   | 12567 ||| Stepping ~*~*~tactically~*~*~ (stealth).
 12572 | Lair:5   | 12572 ||| Stepping ~*~*~tactically~*~*~ (stealth).
 12578 | Lair:5   | Reached skill level 15 in Axes
 12605 | Lair:5   | 12605 ||| Stepping ~*~*~tactically~*~*~ (stealth).
 12609 | Lair:5   | 12609 ||| Stepping ~*~*~tactically~*~*~ (hiding).
 12655 | Lair:5   | 12655 ||| INVOKING Heroism.
 12656 | Lair:5   | 12656 ||| INVOKING Finesse.
 12660 | Lair:5   | 12660 ||| SWAPPING to +1 flail of protection.
 12671 | Lair:5   | Received a gift from Okawaru
 12672 | Lair:5   | 12672 ||| SWAPPING to +2 broad axe.
 12679 | Lair:5   | 12679 ||| Stepping ~*~*~tactically~*~*~ (stealth).
 12681 | Lair:5   | 12681 ||| Stepping ~*~*~tactically~*~*~ (stealth).
 12683 | Lair:5   | 12683 ||| Stepping ~*~*~tactically~*~*~ (stealth).
 12734 | Lair:5   | 12734 ||| INVOKING Heroism.
 12841 | Lair:5   | Reached skill level 12 in Fighting
 12847 | Lair:5   | 12847 ||| Stepping ~*~*~tactically~*~*~ (stealth).
 12850 | Lair:5   | 12850 ||| Stepping ~*~*~tactically~*~*~ (stealth).
 12851 | Lair:5   | 12851 ||| Stepping ~*~*~tactically~*~*~ (stealth).
 12871 | Lair:5   | 12871 ||| Stepping ~*~*~tactically~*~*~ (stealth).
 12873 | Lair:5   | 12873 ||| Stepping ~*~*~tactically~*~*~ (stealth).
 12875 | Lair:5   | 12875 ||| Stepping ~*~*~tactically~*~*~ (stealth).
 12876 | Lair:5   | 12876 ||| Stepping ~*~*~tactically~*~*~ (stealth).
 12877 | Lair:5   | 12877 ||| Stepping ~*~*~tactically~*~*~ (stealth).
 12879 | Lair:5   | 12879 ||| Stepping ~*~*~tactically~*~*~ (stealth).
 12919 | Lair:5   | 12919 ||| Stepping ~*~*~tactically~*~*~ (stealth).
 12922 | Lair:5   | 12922 ||| Stepping ~*~*~tactically~*~*~ (stealth).
 12931 | Lair:5   | 12931 ||| FLEEEEING.
 12932 | Lair:5   | 12932 ||| FLEEEEING.
 12933 | Lair:5   | 12933 ||| FLEEEEING.
 12934 | Lair:5   | 12934 ||| FLEEEEING.
 12936 | Lair:5   | 12936 ||| FLEEEEING.
 12937 | Lair:5   | 12937 ||| FLEEEEING.
 12938 | Lair:5   | 12938 ||| FLEEEEING.
 12939 | Lair:5   | 12939 ||| FLEEEEING.
 12940 | Lair:5   | 12940 ||| FLEEEEING.
 12941 | Lair:5   | 12941 ||| FLEEEEING.
 12942 | Lair:5   | 12942 ||| FLEEEEING.
 12943 | Lair:5   | 12943 ||| FLEEEEING.
 12944 | Lair:5   | 12944 ||| FLEEEEING.
 13089 | Lair:5   | Noticed Urug
 13090 | Lair:5   | 13090 ||| INVOKING Heroism.
 13091 | Lair:5   | 13091 ||| INVOKING Finesse.
 13104 | Lair:5   | Killed Urug
 13286 | Lair:5   | 13286 ||| Stepping ~*~*~tactically~*~*~ (stealth).
 13288 | Lair:5   | 13288 ||| INVOKING Heroism.
 13289 | Lair:5   | 13289 ||| Stepping ~*~*~tactically~*~*~ (stealth).
 13290 | Lair:5   | 13290 ||| Stepping ~*~*~tactically~*~*~ (stealth).
 13291 | Lair:5   | 13291 ||| INVOKING Finesse.
 13320 | Lair:5   | Reached skill level 6 in Throwing
 13326 | Lair:5   | Received a gift from Okawaru
 13355 | Lair:5   | 13355 ||| DROPPING +5 war axe of freezing.
 13673 | Lair:5   | 13673 ||| Stepping ~*~*~tactically~*~*~ (stealth).
 13675 | Lair:5   | 13675 ||| Stepping ~*~*~tactically~*~*~ (stealth).
 13689 | Lair:5   | 13689 ||| INVOKING Heroism.
 13746 | Lair:5   | Found a corrupted altar of Lugonu.
 13746 | Lair:5   | Found a one-way gate to the infinite horrors of the Abyss.
 13765 | Lair:5   | 13765 ||| DROPPING +1 flail of protection.
 13768 | Lair:5   | 13768 ||| PLANNING D:1-11
 13768 | Lair:5   | 13768 ||| READING 7 scrolls of identify.
 13768 | Lair:5   | 13768 ||| IDENTIFYING fizzy inky potion
 13769 | Lair:5   | 13769 ||| DROPPING potion of ambrosia.
 13963 | D:10     | 13963 ||| Stepping ~*~*~tactically~*~*~ (stealth).
 13965 | D:10     | 13965 ||| Stepping ~*~*~tactically~*~*~ (stealth).
 14117 | D:10     | Found a shimmering blue altar of Sif Muna.
 14147 | D:10     | Found a staircase to the Orcish Mines.
 14172 | D:10     | 14172 ||| READING scroll of enchant armour.
 14172 | D:10     | 14172 ||| ENCHANTING +1 pair of boots.
 14193 | D:10     | 14193 ||| DROPPING ring of magical power.
 14194 | D:10     | 14194 ||| UPGRADING to +6 ring of dexterity.
 14196 | D:10     | 14196 ||| UPGRADING to ring of protection from fire.
 14325 | D:11     | 14325 ||| Stepping ~*~*~tactically~*~*~ (hiding).
 14354 | D:11     | 14354 ||| READING scroll of enchant weapon.
 14354 | D:11     | 14354 ||| ENCHANTING +2 broad axe.
 14441 | D:11     | 14441 ||| READING scroll of enchant armour.
 14441 | D:11     | 14441 ||| ENCHANTING +0 plate armour.
 14607 | D:11     | 14607 ||| INVOKING Heroism.
 14616 | D:11     | Reached skill level 3 in Dodging
 14737 | D:11     | 14737 ||| Stepping ~*~*~tactically~*~*~ (hiding).
 14742 | D:11     | 14742 ||| INVOKING Heroism.
 14823 | D:11     | 14823 ||| PLANNING D
 14823 | D:11     | 14823 ||| READING scroll labelled JUSO FAWKUSHRUUTY.
 14841 | D:12     | Found Wentih's Antique Armour Shoppe.
 14842 | D:12     | 14842 ||| Stepping ~*~*~tactically~*~*~ (hiding).
 14950 | D:12     | 14950 ||| READING scroll of enchant armour.
 14950 | D:12     | 14950 ||| ENCHANTING +1 plate armour.
 14955 | D:12     | 14955 ||| SHOPLISTING fire dragon scales (1680 gold, have
                  | 1063).
 14955 | D:12     | 14955 ||| BUYING pair of embroidered boots (210 gold).
 14955 | D:12     | Bought a pair of embroidered boots for 210 gold pieces
 14955 | D:12     | 14955 ||| BUYING pair of warped gloves (266 gold).
 14955 | D:12     | Bought a pair of warped gloves for 266 gold pieces
 14955 | D:12     | Identified the +0 pair of gloves of Ladaa {Dex+4} (You
                  | bought it in a shop on level 12 of the Dungeon)
 15095 | D:12     | 15095 ||| Stepping ~*~*~tactically~*~*~ (stealth).
 15106 | D:12     | 15106 ||| Stepping ~*~*~tactically~*~*~ (stealth).
 15107 | D:12     | 15107 ||| Stepping ~*~*~tactically~*~*~ (stealth).
 15117 | D:12     | Identified the +1 scale mail "Noikearph" {Will+} (Okawaru
                  | gifted it to you on level 12 of the Dungeon)
 15117 | D:12     | Received a gift from Okawaru
 15190 | D:12     | 15190 ||| INVOKING Heroism.
 15191 | D:12     | 15191 ||| SWAPPING to +5 morningstar of draining.
 15192 | D:12     | 15192 ||| INVOKING Finesse.
 15201 | D:12     | 15201 ||| FLEEEEING.
 15202 | D:12     | 15202 ||| SWAPPING to +3 broad axe.
 15270 | D:12     | 15270 ||| Stepping ~*~*~tactically~*~*~ (stealth).
 15278 | D:12     | 15278 ||| INVOKING Heroism.
 15281 | D:12     | Reached XP level 15. HP: 68/96 MP: 19/22
 15309 | D:12     | 15309 ||| Stepping ~*~*~tactically~*~*~ (stealth).
 15329 | D:12     | Reached skill level 16 in Axes
 15337 | D:12     | 15337 ||| Stepping ~*~*~tactically~*~*~ (hiding).
 15346 | D:12     | 15346 ||| Stepping ~*~*~tactically~*~*~ (hiding).
 15436 | D:12     | 15436 ||| Stepping ~*~*~tactically~*~*~ (hiding).
 15437 | D:12     | 15437 ||| Stepping ~*~*~tactically~*~*~ (hiding).
 15438 | D:12     | 15438 ||| INVOKING Heroism.
 15451 | D:12     | 15451 ||| Stepping ~*~*~tactically~*~*~ (hiding).
 15478 | D:12     | 15478 ||| Stepping ~*~*~tactically~*~*~ (stealth).
 15487 | D:12     | 15487 ||| INVOKING Heroism.
 15691 | D:12     | 15691 ||| Stepping ~*~*~tactically~*~*~ (stealth).
 15693 | D:12     | 15693 ||| Stepping ~*~*~tactically~*~*~ (hiding).
 15777 | D:12     | 15777 ||| Stepping ~*~*~tactically~*~*~ (stealth).
 15781 | D:12     | 15781 ||| Stepping ~*~*~tactically~*~*~ (stealth).
 15782 | D:12     | 15782 ||| Stepping ~*~*~tactically~*~*~ (stealth).
 15784 | D:12     | 15784 ||| Stepping ~*~*~tactically~*~*~ (hiding).
 15959 | D:12     | 15959 ||| DROPPING +2 pair of boots of flying.
 15960 | D:12     | 15960 ||| DROPPING +0 pair of gloves of Ladaa {Dex+4}.
 15961 | D:12     | 15961 ||| READING scroll labelled JINIVE AVOMAYCH.
 16033 | D:13     | 16033 ||| READING scroll of enchant armour.
 16033 | D:13     | 16033 ||| ENCHANTING +2 plate armour.
 16045 | D:13     | 16045 ||| INVOKING Heroism.
 16309 | D:13     | 16309 ||| FLEEEEING.
 16310 | D:13     | 16310 ||| FLEEEEING.
 16311 | D:13     | 16311 ||| FLEEEEING.
 16312 | D:13     | 16312 ||| FLEEEEING.
 16325 | D:13     | 16325 ||| FLEEEEING.
 16326 | D:13     | 16326 ||| FLEEEEING.
 16327 | D:13     | 16327 ||| FLEEEEING.
 16328 | D:13     | 16328 ||| FLEEEEING.
 16329 | D:13     | 16329 ||| FLEEEEING.
 16424 | D:13     | 16424 ||| INVOKING Heroism.
 16467 | D:13     | Reached skill level 12 in Armour
 16483 | D:13     | 16483 ||| INVOKING Heroism.
 16511 | D:13     | Found a gate to the Vaults.
 16942 | D:14     | Found a runed translucent gate.
 16942 | D:14     | Found a runed translucent gate.
 16946 | D:14     | Found a runed translucent gate.
 16947 | D:14     | 16947 ||| Stepping ~*~*~tactically~*~*~ (hiding).
 16957 | D:14     | Received a gift from Okawaru
 16987 | D:14     | Noticed Opnastoc's ghost (journeyman MiBe)
 17005 | D:14     | 17005 ||| READING scroll of enchant armour.
 17005 | D:14     | 17005 ||| ENCHANTING +3 plate armour.
 17133 | D:14     | 17133 ||| Stepping ~*~*~tactically~*~*~ (hiding).
 17136 | D:14     | 17136 ||| INVOKING Heroism.
 17629 | D:14     | 17629 ||| Stepping ~*~*~tactically~*~*~ (stealth).
 17644 | D:14     | 17644 ||| Stepping ~*~*~tactically~*~*~ (stealth).
 17645 | D:14     | 17645 ||| Stepping ~*~*~tactically~*~*~ (stealth).
 17651 | D:14     | 17651 ||| INVOKING Heroism.
 17860 | D:15     | Entered Level 15 of the Dungeon
 17868 | D:15     | Noticed Nessos
 17869 | D:15     | 17869 ||| Stepping ~*~*~tactically~*~*~ (hiding).
 17871 | D:15     | 17871 ||| INVOKING Finesse.
 17887 | D:15     | Killed Nessos
 17938 | D:15     | 17938 ||| Stepping ~*~*~tactically~*~*~ (stealth).
 17940 | D:15     | 17940 ||| Stepping ~*~*~tactically~*~*~ (stealth).
 17944 | D:15     | 17944 ||| Stepping ~*~*~tactically~*~*~ (stealth).
 18031 | D:15     | 18031 ||| Stepping ~*~*~tactically~*~*~ (hiding).
 18032 | D:15     | 18032 ||| Stepping ~*~*~tactically~*~*~ (hiding).
 18039 | D:15     | Reached skill level 17 in Axes
 18162 | D:15     | 18162 ||| Stepping ~*~*~tactically~*~*~ (hiding).
 18166 | D:15     | 18166 ||| INVOKING Heroism.
 18233 | D:15     | Found a staircase to the Depths.
 18339 | D:15     | 18339 ||| READING scroll of enchant armour.
 18339 | D:15     | 18339 ||| ENCHANTING +4 plate armour.
 18475 | D:15     | 18475 ||| Stepping ~*~*~tactically~*~*~ (hiding).
 18478 | D:15     | 18478 ||| INVOKING Heroism.
 18571 | D:15     | Found a shimmering blue altar of Sif Muna.
 18619 | D:15     | 18619 ||| Stepping ~*~*~tactically~*~*~ (hiding).
 18620 | D:15     | 18620 ||| Stepping ~*~*~tactically~*~*~ (hiding).
 18634 | D:15     | 18634 ||| Stepping ~*~*~tactically~*~*~ (stealth).
 18637 | D:15     | 18637 ||| INVOKING Heroism.
 18649 | D:15     | Received a gift from Okawaru
 18834 | D:15     | 18834 ||| PLANNING ORC
 18834 | D:15     | 18834 ||| DROPPING +2 chain mail of fire resistance.
 18835 | D:15     | 18835 ||| READING 10 scrolls of identify.
 18835 | D:15     | 18835 ||| IDENTIFYING black potion
 18992 | Orc:1    | Entered Level 1 of the Orcish Mines
 18993 | Orc:1    | 18993 ||| INVOKING Heroism.
 19080 | Orc:1    | 19080 ||| INVOKING Heroism.
 19172 | Orc:1    | Noticed Snorg
 19173 | Orc:1    | 19173 ||| INVOKING Finesse.
 19182 | Orc:1    | 19182 ||| INVOKING Heroism.
 19188 | Orc:1    | Killed Snorg
 19308 | Orc:2    | Entered Level 2 of the Orcish Mines
 19341 | Orc:2    | 19341 ||| INVOKING Heroism.
 19359 | Orc:2    | 19359 ||| Stepping ~*~*~tactically~*~*~ (stealth).
 19360 | Orc:2    | 19360 ||| Stepping ~*~*~tactically~*~*~ (stealth).
 19361 | Orc:2    | 19361 ||| Stepping ~*~*~tactically~*~*~ (stealth).
 19363 | Orc:2    | 19363 ||| Stepping ~*~*~tactically~*~*~ (stealth).
 19364 | Orc:2    | 19364 ||| Stepping ~*~*~tactically~*~*~ (stealth).
 19365 | Orc:2    | 19365 ||| Stepping ~*~*~tactically~*~*~ (stealth).
 19369 | Orc:2    | 19369 ||| INVOKING Finesse.
 19386 | Orc:2    | 19386 ||| INVOKING Heroism.
 19395 | Orc:2    | Identified the +4 plate armour "Peoq" {Harm rC++} (Okawaru
                  | gifted it to you on level 2 of the Orcish Mines)
 19395 | Orc:2    | Received a gift from Okawaru
 19481 | Orc:2    | Noticed Donald
 19482 | Orc:2    | 19482 ||| INVOKING Heroism.
 19483 | Orc:2    | 19483 ||| INVOKING Finesse.
 19504 | Orc:2    | Killed Donald
 19505 | Orc:2    | Reached XP level 16. HP: 104/104 MP: 16/23
 19579 | Orc:2    | 19579 ||| INVOKING Heroism.
 19606 | Orc:2    | 19606 ||| Stepping ~*~*~tactically~*~*~ (stealth).
 19692 | Orc:2    | 19692 ||| INVOKING Heroism.
 19739 | Orc:2    | Found Jarchisu's Assorted Antiques.
 19740 | Orc:2    | 19740 ||| INVOKING Heroism.
 19758 | Orc:2    | 19758 ||| BUYING potion of curing (99 gold).
 19758 | Orc:2    | Bought a potion of curing for 99 gold pieces
 19758 | Orc:2    | 19758 ||| BUYING potion of haste (330 gold).
 19758 | Orc:2    | Bought a potion of haste for 330 gold pieces
 19758 | Orc:2    | 19758 ||| BUYING potion of haste (330 gold).
 19758 | Orc:2    | Bought a potion of haste for 330 gold pieces
 19758 | Orc:2    | 19758 ||| BUYING steaming lapis lazuli ring (165 gold).
 19758 | Orc:2    | Bought a steaming lapis lazuli ring for 165 gold pieces
 19758 | Orc:2    | Identified the ring "Nusuetz" {rF+ rC+ rN+ Str+4} (You
                  | bought it in a shop on level 2 of the Orcish Mines)
 19823 | Orc:2    | 19823 ||| INVOKING Heroism.
 19903 | Orc:2    | 19903 ||| INVOKING Heroism.
 19919 | Orc:2    | 19919 ||| INVOKING Finesse.
 19938 | Orc:2    | 19938 ||| INVOKING Finesse.
 19969 | Orc:2    | Found Izut's Antique Armour Emporium.
 20030 | Orc:2    | Found Fijid's Antique Weapon Shoppe.
 20051 | Orc:2    | 20051 ||| BUYING glowing war axe (227 gold).
 20051 | Orc:2    | Bought a glowing war axe for 227 gold pieces
 20051 | Orc:2    | 20051 ||| DROPPING +1 war axe of venom.
 20058 | Orc:2    | 20058 ||| BUYING pair of glowing boots (232 gold).
 20058 | Orc:2    | Bought a pair of glowing boots for 232 gold pieces
 20058 | Orc:2    | 20058 ||| SHOPLISTING runed plate armour (806 gold, have
                  | 101).
 20058 | Orc:2    | 20058 ||| SHOPLISTING twisted hat (279 gold, have 101).
 20069 | Orc:2    | 20069 ||| INVOKING Heroism.
 20127 | Orc:2    | Found a staircase to the Elven Halls.
 20259 | Orc:2    | 20259 ||| INVOKING Heroism.
 20276 | Orc:2    | Found Vias's Distillery.
 20281 | Orc:2    | 20281 ||| BUYING potion of attraction (30 gold).
 20281 | Orc:2    | Bought a potion of attraction for 30 gold pieces
 20281 | Orc:2    | 20281 ||| BUYING potion of curing (30 gold).
 20281 | Orc:2    | Bought a potion of curing for 30 gold pieces
 20281 | Orc:2    | 20281 ||| BUYING potion of haste (100 gold).
 20281 | Orc:2    | Bought a potion of haste for 100 gold pieces
 20281 | Orc:2    | 20281 ||| SHOPLISTING potion of haste (100 gold, have 2).
 20281 | Orc:2    | 20281 ||| SHOPLISTING potion of heal wounds (50 gold, have
                  | 2).
 20344 | Orc:2    | 20344 ||| UPGRADING to +0 kite shield.
 20354 | Orc:2    | 20354 ||| DROPPING +0 buckler.
 20355 | Orc:2    | 20355 ||| DROPPING +0 ice dragon scales.
 20356 | Orc:2    | 20356 ||| DROPPING +1 pair of boots of stealth.
 20357 | Orc:2    | 20357 ||| UPGRADING to ring "Nusuetz" {rF+ rC+ rN+ Str+4}.
 20359 | Orc:2    | 20359 ||| UPGRADING to +6 ring of dexterity.
 20399 | Orc:1    | Found Anesh's Jewellery Shop.
 20410 | Orc:1    | 20410 ||| SHOPLISTING +4 ring of protection (540 gold, have
                  | 97).
 20410 | Orc:1    | 20410 ||| SHOPLISTING +6 ring of strength (540 gold, have
                  | 97).
 20410 | Orc:1    | 20410 ||| SHOPLISTING ring of ice (375 gold, have 97).
 20410 | Orc:1    | 20410 ||| SHOPLISTING ring of protection from cold (375
                  | gold, have 97).
 20605 | Orc:1    | 20605 ||| PLANNING SPIDER:1-3
 20732 | Spider:1 | Entered Level 1 of the Spider Nest
 20745 | Spider:1 | 20745 ||| Stepping ~*~*~tactically~*~*~ (hiding).
 20747 | Spider:1 | 20747 ||| Stepping ~*~*~tactically~*~*~ (hiding).
 20750 | Spider:1 | 20750 ||| INVOKING Heroism.
 20787 | Spider:1 | 20787 ||| Stepping ~*~*~tactically~*~*~ (stealth).
 20788 | Spider:1 | 20788 ||| Stepping ~*~*~tactically~*~*~ (stealth).
 20790 | Spider:1 | 20790 ||| INVOKING Heroism.
 20795 | Spider:1 | Reached skill level 9 in Shields
 20814 | Spider:1 | 20814 ||| Stepping ~*~*~tactically~*~*~ (stealth).
 20815 | Spider:1 | 20815 ||| Stepping ~*~*~tactically~*~*~ (stealth).
 20830 | Spider:1 | 20830 ||| Stepping ~*~*~tactically~*~*~ (stealth).
 20832 | Spider:1 | 20832 ||| Stepping ~*~*~tactically~*~*~ (stealth).
 20833 | Spider:1 | 20833 ||| Stepping ~*~*~tactically~*~*~ (stealth).
 20835 | Spider:1 | 20835 ||| INVOKING Heroism.
 20857 | Spider:1 | 20857 ||| Stepping ~*~*~tactically~*~*~ (stealth).
 20859 | Spider:1 | 20859 ||| Stepping ~*~*~tactically~*~*~ (stealth).
 20877 | Spider:1 | 20877 ||| Stepping ~*~*~tactically~*~*~ (stealth).
 20878 | Spider:1 | 20878 ||| Stepping ~*~*~tactically~*~*~ (stealth).
 20879 | Spider:1 | 20879 ||| Stepping ~*~*~tactically~*~*~ (stealth).
 20895 | Spider:1 | 20895 ||| Stepping ~*~*~tactically~*~*~ (stealth).
 20896 | Spider:1 | 20896 ||| Stepping ~*~*~tactically~*~*~ (stealth).
 20897 | Spider:1 | 20897 ||| Stepping ~*~*~tactically~*~*~ (stealth).
 20898 | Spider:1 | 20898 ||| Stepping ~*~*~tactically~*~*~ (stealth).
 20906 | Spider:1 | 20906 ||| INVOKING Heroism.
 20963 | Spider:1 | 20963 ||| Stepping ~*~*~tactically~*~*~ (stealth).
 20965 | Spider:1 | 20965 ||| INVOKING Heroism.
 20982 | Spider:1 | 20982 ||| Stepping ~*~*~tactically~*~*~ (stealth).
 20983 | Spider:1 | 20983 ||| Stepping ~*~*~tactically~*~*~ (stealth).
 20984 | Spider:1 | 20984 ||| Stepping ~*~*~tactically~*~*~ (stealth).
 20985 | Spider:1 | 20985 ||| Stepping ~*~*~tactically~*~*~ (stealth).
 20986 | Spider:1 | 20986 ||| Stepping ~*~*~tactically~*~*~ (stealth).
 20989 | Spider:1 | 20989 ||| Stepping ~*~*~tactically~*~*~ (stealth).
 20992 | Spider:1 | 20992 ||| Stepping ~*~*~tactically~*~*~ (stealth).
 21027 | Spider:1 | 21027 ||| Stepping ~*~*~tactically~*~*~ (stealth).
 21028 | Spider:1 | 21028 ||| Stepping ~*~*~tactically~*~*~ (stealth).
 21029 | Spider:1 | 21029 ||| Stepping ~*~*~tactically~*~*~ (stealth).
 21030 | Spider:1 | 21030 ||| Stepping ~*~*~tactically~*~*~ (stealth).
 21033 | Spider:1 | 21033 ||| INVOKING Heroism.
 21096 | Spider:1 | 21096 ||| Stepping ~*~*~tactically~*~*~ (stealth).
 21099 | Spider:1 | 21099 ||| Stepping ~*~*~tactically~*~*~ (stealth).
 21100 | Spider:1 | 21100 ||| Stepping ~*~*~tactically~*~*~ (stealth).
 21138 | Spider:1 | 21138 ||| Stepping ~*~*~tactically~*~*~ (stealth).
 21153 | Spider:1 | 21153 ||| Stepping ~*~*~tactically~*~*~ (stealth).
 21156 | Spider:1 | 21156 ||| Stepping ~*~*~tactically~*~*~ (stealth).
 21157 | Spider:1 | 21157 ||| Stepping ~*~*~tactically~*~*~ (stealth).
 21371 | Spider:1 | 21371 ||| Stepping ~*~*~tactically~*~*~ (stealth).
 21372 | Spider:1 | 21372 ||| Stepping ~*~*~tactically~*~*~ (stealth).
 21376 | Spider:1 | 21376 ||| INVOKING Heroism.
 21396 | Spider:1 | 21396 ||| Stepping ~*~*~tactically~*~*~ (stealth).
 21418 | Spider:1 | 21418 ||| SWAPPING to +5 morningstar of draining.
 21425 | Spider:1 | 21425 ||| SWAPPING to +3 broad axe.
 21543 | Spider:1 | 21543 ||| DROPPING +1 pair of gloves.
 21569 | Spider:2 | 21569 ||| Stepping ~*~*~tactically~*~*~ (stealth).
 21681 | Spider:2 | Received a gift from Okawaru
 21689 | Spider:2 | 21689 ||| INVOKING Heroism.
 21710 | Spider:2 | 21710 ||| Stepping ~*~*~tactically~*~*~ (stealth).
 21712 | Spider:2 | 21712 ||| Stepping ~*~*~tactically~*~*~ (stealth).
 21713 | Spider:2 | 21713 ||| Stepping ~*~*~tactically~*~*~ (stealth).
 21714 | Spider:2 | 21714 ||| Stepping ~*~*~tactically~*~*~ (stealth).
 21725 | Spider:2 | 21725 ||| Stepping ~*~*~tactically~*~*~ (stealth).
 21728 | Spider:2 | 21728 ||| Stepping ~*~*~tactically~*~*~ (stealth).
 21730 | Spider:2 | 21730 ||| INVOKING Heroism.
 21756 | Spider:2 | Reached skill level 12 in Shields
 21778 | Spider:2 | 21778 ||| INVOKING Heroism.
 21787 | Spider:2 | Identified the +7 plate armour of Foolhardiness {Int+5}
                  | (Okawaru gifted it to you on level 2 of the Spider Nest)
 21787 | Spider:2 | Received a gift from Okawaru
 21814 | Spider:2 | 21814 ||| Stepping ~*~*~tactically~*~*~ (stealth).
 21833 | Spider:2 | 21833 ||| FLEEEEING.
 21837 | Spider:2 | 21837 ||| FLEEEEING.
 21838 | Spider:2 | 21838 ||| FLEEEEING.
 21839 | Spider:2 | 21839 ||| FLEEEEING.
 21840 | Spider:2 | 21840 ||| FLEEEEING.
 21841 | Spider:2 | 21841 ||| FLEEEEING.
 21842 | Spider:2 | 21842 ||| STAIRDANCE
 21844 | Spider:1 | 21844 ||| UPGRADING to +7 plate armour of Foolhardiness
                  | {Int+5}.
 21854 | Spider:1 | 21854 ||| DROPPING +5 plate armour.
 21855 | Spider:1 | 21855 ||| DROPPING +2 pair of boots.
 21893 | Spider:2 | 21893 ||| Stepping ~*~*~tactically~*~*~ (hiding).
 21894 | Spider:2 | 21894 ||| INVOKING Heroism.
 21928 | Spider:2 | 21928 ||| INVOKING Heroism.
 21929 | Spider:2 | Noticed Arachne
 21930 | Spider:2 | 21930 ||| INVOKING Finesse.
 21970 | Spider:2 | Killed Arachne
 21980 | Spider:2 | Reached XP level 17. HP: 81/108 MP: 20/24
 21998 | Spider:2 | Reached skill level 18 in Axes
 22000 | Spider:2 | 22000 ||| INVOKING Heroism.
 22001 | Spider:2 | 22001 ||| READING 10 scrolls of teleportation.
 22007 | Spider:2 | HP: 25/108 [entropy weaver (6)]
 22008 | Spider:2 | 22008 ||| DRINKING 6 potions of heal wounds.
 22024 | Spider:2 | 22024 ||| Stepping ~*~*~tactically~*~*~ (stealth).
 22025 | Spider:2 | 22025 ||| Stepping ~*~*~tactically~*~*~ (stealth).
 22037 | Spider:2 | 22037 ||| INVOKING Heroism.
 22038 | Spider:2 | 22038 ||| INVOKING Finesse.
 22039 | Spider:2 | 22039 ||| READING 9 scrolls of teleportation.
 22163 | Spider:2 | 22163 ||| Stepping ~*~*~tactically~*~*~ (stealth).
 22174 | Spider:2 | 22174 ||| Stepping ~*~*~tactically~*~*~ (hiding).
 22176 | Spider:2 | 22176 ||| INVOKING Finesse.
 22222 | Spider:2 | 22222 ||| INVOKING Heroism.
 22382 | Spider:2 | 22382 ||| Stepping ~*~*~tactically~*~*~ (stealth).
 22383 | Spider:2 | 22383 ||| Stepping ~*~*~tactically~*~*~ (stealth).
 22385 | Spider:2 | 22385 ||| Stepping ~*~*~tactically~*~*~ (stealth).
 22613 | Spider:3 | 22613 ||| Stepping ~*~*~tactically~*~*~ (stealth).
 22615 | Spider:3 | 22615 ||| INVOKING Heroism.
 22616 | Spider:3 | 22616 ||| DRINKING 10 potions of curing.
 22616 | Spider:3 | 22616 ||| (to cure confusion)
 22633 | Spider:3 | Received a gift from Okawaru
 22640 | Spider:3 | 22640 ||| FLEEEEING.
 22641 | Spider:3 | 22641 ||| FLEEEEING.
 22642 | Spider:3 | 22642 ||| STAIRDANCE
 22765 | Spider:3 | 22765 ||| STAIRDANCE
 22779 | Spider:3 | 22779 ||| STAIRDANCE
 22786 | Spider:3 | 22786 ||| STAIRDANCE
 22797 | Spider:3 | 22797 ||| Stepping ~*~*~tactically~*~*~ (stealth).
 22811 | Spider:3 | Identified the +1 leather armour of Hepliaklqana's Regard
                  | {rC+}
 22848 | Spider:3 | 22848 ||| INVOKING Finesse.
 22850 | Spider:3 | 22850 ||| INVOKING Heroism.
 22896 | Spider:3 | 22896 ||| Stepping ~*~*~tactically~*~*~ (stealth).
 22898 | Spider:3 | 22898 ||| Stepping ~*~*~tactically~*~*~ (stealth).
 22899 | Spider:3 | 22899 ||| INVOKING Heroism.
 23012 | Spider:3 | Received a gift from Okawaru
 23048 | Spider:3 | 23048 ||| INVOKING Finesse.
 23107 | Spider:3 | 23107 ||| FLEEEEING.
 23122 | Spider:3 | 23122 ||| Stepping ~*~*~tactically~*~*~ (stealth).
 23128 | Spider:3 | 23128 ||| Stepping ~*~*~tactically~*~*~ (stealth).
 23133 | Spider:3 | 23133 ||| INVOKING Heroism.
 23178 | Spider:3 | 23178 ||| INVOKING Heroism.
 23185 | Spider:3 | 23185 ||| INVOKING Finesse.
 23202 | Spider:3 | Noticed Mlioglotl
 23218 | Spider:3 | Noticed a tentacled starspawn
 23223 | Spider:3 | Killed Mlioglotl
 23223 | Spider:3 | Received a gift from Okawaru
 23234 | Spider:3 | HP: 23/111 [steelbarb worm (10)]
 23235 | Spider:3 | 23235 ||| READING 8 scrolls of teleportation.
 23236 | Spider:3 | 23236 ||| DRINKING 5 potions of heal wounds.
 23239 | Spider:3 | 23239 ||| DRINKING 4 potions of heal wounds.
 23252 | Spider:3 | 23252 ||| INVOKING Heroism.
 23265 | Spider:3 | 23265 ||| INVOKING Finesse.
 23286 | Spider:3 | 23286 ||| Stepping ~*~*~tactically~*~*~ (stealth).
 23290 | Spider:3 | 23290 ||| Stepping ~*~*~tactically~*~*~ (stealth).
 23291 | Spider:3 | 23291 ||| Stepping ~*~*~tactically~*~*~ (stealth).
 23292 | Spider:3 | 23292 ||| Stepping ~*~*~tactically~*~*~ (stealth).
 23297 | Spider:3 | 23297 ||| INVOKING Heroism.
 23334 | Spider:3 | 23334 ||| READING 7 scrolls of teleportation.
 23486 | Spider:3 | 23486 ||| READING 6 scrolls of teleportation.
 23491 | Spider:3 | 23491 ||| READING 5 scrolls of teleportation.
 23515 | Spider:3 | 23515 ||| Stepping ~*~*~tactically~*~*~ (stealth).
 23518 | Spider:3 | 23518 ||| Stepping ~*~*~tactically~*~*~ (stealth).
 23587 | Spider:3 | 23587 ||| READING 4 scrolls of teleportation.
 23606 | Spider:3 | 23606 ||| READING 3 scrolls of teleportation.
 23635 | Spider:3 | 23635 ||| READING 2 scrolls of teleportation.
 23654 | Spider:3 | 23654 ||| READING scroll of teleportation.
 23699 | Spider:3 | 23699 ||| Stepping randomly (stuck).
 23700 | Spider:3 | 23700 ||| Stepping randomly (stuck).
 23886 | Spider:3 | 23886 ||| PLANNING SHOALS:1-3
 24004 | Shoals:1 | Entered Level 1 of the Shoals
 24015 | Shoals:1 | 24015 ||| INVOKING Heroism.
 24033 | Shoals:1 | Received a gift from Okawaru
 24103 | Shoals:1 | Found Cydgh's Firing Range.
 24170 | Shoals:1 | 24170 ||| INVOKING Heroism.
 24241 | Shoals:1 | Noticed Aizul
 24242 | Shoals:1 | 24242 ||| INVOKING Heroism.
 24243 | Shoals:1 | 24243 ||| INVOKING Finesse.
 24256 | Shoals:1 | Killed Aizul
 24340 | Shoals:1 | Received a gift from Okawaru
 24346 | Shoals:1 | 24346 ||| INVOKING Heroism.
 24373 | Shoals:1 | 24373 ||| Stepping ~*~*~tactically~*~*~ (hiding).
 24374 | Shoals:1 | 24374 ||| Stepping ~*~*~tactically~*~*~ (hiding).
 24447 | Shoals:1 | 24447 ||| INVOKING Heroism.
 24537 | Shoals:1 | 24537 ||| Stepping ~*~*~tactically~*~*~ (hiding).
 24538 | Shoals:1 | 24538 ||| Stepping ~*~*~tactically~*~*~ (hiding).
 24555 | Shoals:1 | 24555 ||| Stepping ~*~*~tactically~*~*~ (hiding).
 24681 | Shoals:1 | Found Kecomiyrph's Magic Scroll Emporium.
 24714 | Shoals:1 | 24714 ||| INVOKING Heroism.
 24770 | Shoals:1 | 24770 ||| Stepping ~*~*~tactically~*~*~ (hiding).
 25050 | Shoals:2 | Reached skill level 15 in Fighting
 25052 | Shoals:2 | 25052 ||| INVOKING Heroism.
 25053 | Shoals:2 | 25053 ||| INVOKING Finesse.
 25054 | Shoals:2 | 25054 ||| INVOKING Finesse.
 25055 | Shoals:2 | 25055 ||| Stepping ~*~*~tactically~*~*~ (hiding).
 25056 | Shoals:2 | 25056 ||| Stepping ~*~*~tactically~*~*~ (hiding).
 25057 | Shoals:2 | 25057 ||| Stepping ~*~*~tactically~*~*~ (hiding).
 25059 | Shoals:2 | 25059 ||| Stepping ~*~*~tactically~*~*~ (hiding).
 25159 | Shoals:2 | 25159 ||| INVOKING Heroism.
 25216 | Shoals:2 | 25216 ||| INVOKING Heroism.
 25232 | Shoals:2 | Received a gift from Okawaru
 25243 | Shoals:2 | 25243 ||| Stepping ~*~*~tactically~*~*~ (hiding).
 25244 | Shoals:2 | 25244 ||| Stepping ~*~*~tactically~*~*~ (hiding).
 25245 | Shoals:2 | 25245 ||| Stepping ~*~*~tactically~*~*~ (stealth).
 25253 | Shoals:2 | Reached XP level 18. HP: 111/119 MP: 25/25
 25261 | Shoals:2 | 25261 ||| DROPPING +5 morningstar of draining.
 25304 | Shoals:2 | 25304 ||| Stepping ~*~*~tactically~*~*~ (hiding).
 25388 | Shoals:2 | 25388 ||| INVOKING Heroism.
 25450 | Shoals:2 | 25450 ||| INVOKING Heroism.
 25632 | Shoals:2 | 25632 ||| INVOKING Heroism.
 25974 | Shoals:3 | 25974 ||| Stepping ~*~*~tactically~*~*~ (hiding).
 25975 | Shoals:3 | 25975 ||| Stepping ~*~*~tactically~*~*~ (hiding).
 25977 | Shoals:3 | 25977 ||| Stepping ~*~*~tactically~*~*~ (hiding).
 25978 | Shoals:3 | 25978 ||| Stepping ~*~*~tactically~*~*~ (hiding).
 26121 | Shoals:3 | 26121 ||| INVOKING Heroism.
 26122 | Shoals:3 | 26122 ||| INVOKING Finesse.
 26145 | Shoals:3 | Reached skill level 6 in Dodging
 26190 | Shoals:3 | 26190 ||| INVOKING Heroism.
 26266 | Shoals:3 | 26266 ||| INVOKING Heroism.
 26754 | Shoals:3 | 26754 ||| PLANNING SPIDER:4
 26754 | Shoals:3 | 26754 ||| READING scroll labelled JUCLOF MIK.
 26925 | Spider:4 | Entered Level 4 of the Spider Nest
 26929 | Spider:4 | 26929 ||| INVOKING Heroism.
 26933 | Spider:4 | Received a gift from Okawaru
 26935 | Spider:4 | 26935 ||| INVOKING Finesse.
 26993 | Spider:4 | 26993 ||| INVOKING Heroism.
 27032 | Spider:4 | Received a gift from Okawaru
 27063 | Spider:4 | 27063 ||| INVOKING Heroism.
 27071 | Spider:4 | Reached skill level 9 in Throwing
 27133 | Spider:4 | 27133 ||| DRINKING 11 potions of curing.
 27133 | Spider:4 | 27133 ||| (to cure confusion)
 27151 | Spider:4 | 27151 ||| Stepping ~*~*~tactically~*~*~ (hiding).
 27154 | Spider:4 | 27154 ||| Stepping ~*~*~tactically~*~*~ (stealth).
 27156 | Spider:4 | 27156 ||| INVOKING Heroism.
 27162 | Spider:4 | Reached skill level 15 in Shields
 27212 | Spider:4 | 27212 ||| Stepping ~*~*~tactically~*~*~ (hiding).
 27216 | Spider:4 | 27216 ||| INVOKING Heroism.
 27223 | Spider:4 | 27223 ||| DRINKING 11 potions of curing.
 27223 | Spider:4 | 27223 ||| (to cure confusion)
 27244 | Spider:4 | 27244 ||| INVOKING Finesse.
 27250 | Spider:4 | 27250 ||| INVOKING Heroism.
 27258 | Spider:4 | Received a gift from Okawaru
 27290 | Spider:4 | 27290 ||| UPGRADING to +4 ring of evasion.
 27292 | Spider:4 | 27292 ||| INVOKING Heroism.
 27383 | Spider:4 | 27383 ||| Stepping ~*~*~tactically~*~*~ (stealth).
 27384 | Spider:4 | 27384 ||| Stepping ~*~*~tactically~*~*~ (stealth).
 27386 | Spider:4 | 27386 ||| Stepping ~*~*~tactically~*~*~ (stealth).
 27388 | Spider:4 | 27388 ||| Stepping ~*~*~tactically~*~*~ (stealth).
 27389 | Spider:4 | 27389 ||| Stepping ~*~*~tactically~*~*~ (stealth).
 27408 | Spider:4 | 27408 ||| FLEEEEING.
 27409 | Spider:4 | 27409 ||| FLEEEEING.
 27410 | Spider:4 | 27410 ||| FLEEEEING.
 27411 | Spider:4 | 27411 ||| FLEEEEING.
 27412 | Spider:4 | 27412 ||| FLEEEEING.
 27427 | Spider:4 | 27427 ||| Stepping ~*~*~tactically~*~*~ (stealth).
 27487 | Spider:4 | 27487 ||| INVOKING Finesse.
 27488 | Spider:4 | 27488 ||| Stepping ~*~*~tactically~*~*~ (hiding).
 27489 | Spider:4 | 27489 ||| Stepping ~*~*~tactically~*~*~ (hiding).
 27524 | Spider:4 | 27524 ||| Stepping ~*~*~tactically~*~*~ (stealth).
 27525 | Spider:4 | 27525 ||| Stepping ~*~*~tactically~*~*~ (stealth).
 27538 | Spider:4 | 27538 ||| Stepping ~*~*~tactically~*~*~ (stealth).
 27540 | Spider:4 | 27540 ||| Stepping ~*~*~tactically~*~*~ (stealth).
 27544 | Spider:4 | 27544 ||| Stepping ~*~*~tactically~*~*~ (stealth).
 27577 | Spider:4 | 27577 ||| Stepping ~*~*~tactically~*~*~ (stealth).
 27584 | Spider:4 | 27584 ||| Stepping ~*~*~tactically~*~*~ (stealth).
 27585 | Spider:4 | 27585 ||| Stepping ~*~*~tactically~*~*~ (stealth).
 27586 | Spider:4 | 27586 ||| Stepping ~*~*~tactically~*~*~ (stealth).
 27599 | Spider:4 | 27599 ||| Stepping ~*~*~tactically~*~*~ (stealth).
 27607 | Spider:4 | 27607 ||| Stepping ~*~*~tactically~*~*~ (stealth).
 27765 | Spider:4 | 27765 ||| Stepping ~*~*~tactically~*~*~ (stealth).
 27766 | Spider:4 | 27766 ||| Stepping ~*~*~tactically~*~*~ (stealth).
 27794 | Spider:4 | 27794 ||| INVOKING Finesse.
 27830 | Spider:4 | 27830 ||| Stepping ~*~*~tactically~*~*~ (stealth).
 28265 | Spider:4 | 28265 ||| INVOKING Heroism.
 28275 | Spider:4 | Received a gift from Okawaru
 28366 | Spider:4 | Got a gossamer rune of Zot
 28397 | Spider:4 | 28397 ||| PLANNING VAULTS:1-4
 28397 | Spider:4 | 28397 ||| DROPPING +2 pair of boots of stealth.
 28398 | Spider:4 | 28398 ||| DROPPING +6 ring of dexterity.
 28399 | Spider:4 | 28399 ||| READING 16 scrolls of identify.
 28399 | Spider:4 | 28399 ||| IDENTIFYING red potion
 28707 | Vaults:1 | Entered Level 1 of the Vaults
 28749 | Vaults:1 | 28749 ||| INVOKING Heroism.
 28765 | Vaults:1 | Reached skill level 15 in Armour
 28770 | Vaults:1 | 28770 ||| Stepping ~*~*~tactically~*~*~ (hiding).
 28856 | Vaults:1 | 28856 ||| INVOKING Heroism.
 28865 | Vaults:1 | 28865 ||| DRINKING 10 potions of curing.
 28865 | Vaults:1 | 28865 ||| (to cure confusion)
 28868 | Vaults:1 | Received a gift from Okawaru
 28892 | Vaults:1 | Reached XP level 19. HP: 57/127 MP: 26/26
 28894 | Vaults:1 | Received a gift from Okawaru
 28895 | Vaults:1 | 28895 ||| INVOKING Heroism.
 29173 | Vaults:1 | 29173 ||| INVOKING Heroism.
 29249 | Vaults:1 | 29249 ||| Stepping ~*~*~tactically~*~*~ (hiding).
 29250 | Vaults:1 | 29250 ||| Stepping ~*~*~tactically~*~*~ (hiding).
 29272 | Vaults:1 | 29272 ||| INVOKING Heroism.
 29440 | Vaults:1 | 29440 ||| Stepping ~*~*~tactically~*~*~ (stealth).
 29441 | Vaults:1 | 29441 ||| INVOKING Heroism.
 29442 | Vaults:1 | 29442 ||| INVOKING Finesse.
 29452 | Vaults:1 | Received a gift from Okawaru
 29524 | Vaults:1 | 29524 ||| INVOKING Heroism.
 29593 | Vaults:1 | 29593 ||| INVOKING Heroism.
 29681 | Vaults:1 | 29681 ||| INVOKING Heroism.
 29741 | Vaults:1 | 29741 ||| INVOKING Heroism.
 29780 | Vaults:1 | 29780 ||| Stepping ~*~*~tactically~*~*~ (stealth).
 29804 | Vaults:1 | 29804 ||| READING scroll of teleportation.
 29826 | Vaults:1 | Noticed Asterion
 29827 | Vaults:1 | 29827 ||| Stepping randomly (stuck).
 29828 | Vaults:1 | 29828 ||| Stepping randomly (stuck).
 29829 | Vaults:1 | 29829 ||| Stepping randomly (stuck).
 29830 | Vaults:1 | 29830 ||| INVOKING Heroism.
 29831 | Vaults:1 | 29831 ||| INVOKING Finesse.
 29853 | Vaults:1 | Killed Asterion
 29853 | Vaults:1 | Received a gift from Okawaru
 29903 | Vaults:1 | 29903 ||| INVOKING Heroism.
 29912 | Vaults:1 | 29912 ||| INVOKING Finesse.
 29913 | Vaults:1 | HP: 24/128 [vault warden/+0 great mace (17)]
 29914 | Vaults:1 | 29914 ||| DRINKING 6 potions of heal wounds.
 29921 | Vaults:1 | 29921 ||| INVOKING Heroism.
 29921 | Vaults:1 | HP: 32/128 [white very ugly thing (8)]
 29921 | Vaults:1 | Slain by an ettin

Levels and vault maps discovered:
D:1:      elethiomel_arrival_quiet, layout_loops_ring,
          shapermc_ecumenical_altar_mp_urbaneastern, st_stairs_12
D:2:      layout_loops_ring, serial_shops, nicolae_shop_overgrown_old_shop
D:3:      layout_loops_cross, nicolae_uskayaw_suspiria,
          grunt_temple_overflow_open, ebering_ghost_reflecting_pool,
          grunt_ministairs_9
D:4:      dreamdust_elfheim, layout_basic
D:5:      layout_loops_ring, kennysheep_little_box, uniq_sigmund,
          uniq_eustachio, uniq_menkaure, uniq_pikel
D:6:      layout_cave_pools, grunt_dithmenos_smoke_and_mirrors,
          gammafunk_ghost_split, hangedman_decor_points, hangedman_decor_push,
          hangedman_abyss_or_decor_stabs
D:7:      layout_loops_ring, minmay_temple_entry_proselytizer, enter_bailey_2,
          uniq_joseph
D:8:      layout_basic, grunt_temple_overflow_order_and_chaos_2,
          mainiacjoe_overflow_paths, minmay_diamond_spiral, uniq_maurice
D:9:      layout_long_grid, grunt_ministairs_10, st_stairs_4,
          kennysheep_generic_room_6
D:10:     layout_rooms, general_overflow_altar, minmay_lair_entry_grove,
          hiddenorc1_lemuel
D:11:     layout_basic
D:12:     nzn_winding_woodlands_medium [nzn_winding_woodlands_5x5_cross,
          nzn_winding_woodlands_5x15_default,
          nzn_winding_woodlands_5x5_open_star,
          nzn_winding_woodlands_5x5_default,
          nzn_winding_woodlands_center_triple_pond,
          nzn_winding_woodlands_hourglass, nzn_winding_woodlands_5x5_perimeter,
          nzn_winding_woodlands_5x15_eye, nzn_winding_woodlands_5x5_default],
          layout_basic, serial_shops, nicolae_diamond_shop,
          einodemon_armed_red_devil_minivault
D:13:     layout_long_grid, grunt_vaults_entry_tiered
D:14:     layout_basic, nicolae_benzene_ring, gammafunk_ghost_spectres,
          hangedman_abyss_or_decor_passed, lightli_corner_chamber
D:15:     grunt_enter_depths_hoard, layout_loops_cross, led_sif_pool,
          uniq_nessos
Lair:1:   layout_hall_layers, beast_lair_carwin_3
Lair:2:   layout_loops_ring, shoals_dummy_entry, tgw_fedhas, grunt_megastairs_2,
          serial_bayou_shore_b
Lair:3:   layout_loops_ring, hellmonk_spider_entry_life_and_decay,
          nicolae_lair_grove_arrangements
Lair:4:   layout_gridlike, grunt_megastairs_4, infiniplex_staircase_pool_2
Lair:5:   hellmonk_lair_end_abyssal_woods, layout_gridlike,
          minmay_slime_entry_pillars, uniq_urug, uniq_kirke
Shoals:1: layout_shoals, serial_shops, shop, nicolae_shop_firing_range,
          uniq_aizul
Shoals:2: layout_shoals, nicolae_shoals_undead_eyrie
Shoals:3: layout_shoals
Spider:1: layout_spider_delve, drop_trap, nicolae_spider_swamp_cousins
Spider:2: nicolae_spider_corner, nicolae_spider_circle_web,
          nicolae_spider_rock_and_or_roll, uniq_arachne
Spider:3: layout_spider_delve, einodemon_crawler_minivault, uniq_mlioglotl
Spider:4: spider_rune_water
Orc:1:    layout_diamond_mine, serial_shops, shop, basic_altar,
          nicolae_volcano_entry_batcave, uniq_snorg
Orc:2:    grunt_orc_community_town_hall, layout_diamond_mine,
          grunt_orc_community_big_house_2, grunt_orc_community_big_house_2,
          grunt_orc_community_house_1, grunt_orc_community_house_2,
          grunt_orc_community_house_1, grunt_orc_community_house_3, uniq_donald
Vaults:1: v_pattern_3, hangedman_vaults_pinch,
          nicolae_vaults_windows_and_doors_thing, hangedman_vaults_stream,
          nicolae_vaults_network_barrier, hangedman_vaults_unwind, v_misc_8,
          vaults_room_fancy_cross, v_misc_17, st_hourglassy,
          vaults_dpeg_encased_lava, nicolae_vaults_theta, vaults_room_hallway,
          layout_vaults_omnibox, uniq_asterion

Skill      XL: |  1  2  3  4  5  6  7  8  9 10 11 12 13 14 15 16 17 18 19 |
---------------+----------------------------------------------------------+-----
Axes           | 2 3 4 5 7 9 10 11 12 14 15 17 18 | 18.0
Fighting       | 4 5 7 8 10 11 12 13 15 16 17 | 17.0
Throwing       | 4 6 7 8 9 |  9.4
Invocations    | 4 8 10 | 10.1
Dodging        | 1 2 4 5 6 |  6.0
Armour         | 4 6 8 9 10 11 12 13 15 16 | 16.0
Shields        | 4 5 6 7 8 13 14 15 16 | 16.0

Action                   |  1- 3 |  4- 6 |  7- 9 | 10-12 | 13-15 | 16-18 | 19-21 || total
-------------------------+-------+-------+-------+-------+-------+-------+-------++-------
Melee: War axe           |    93 |   138 |   239 |   285 |       |       |       ||   755
       Broad axe         |       |       |       |   170 |  1149 |  1524 |   235 ||  3078
       Flail             |       |       |       |       |    13 |       |       ||    13
       Morningstar       |       |       |       |       |     8 |     6 |       ||    14
Throw: Javelin           |       |       |    28 |    64 |    91 |   105 |     5 ||   293
       Boomerang         |       |       |       |    65 |   110 |   102 |       ||   277
Invok: Heroism           |       |       |     9 |    24 |    38 |    54 |    11 ||   136
       Finesse           |       |       |       |     1 |    11 |    16 |     3 ||    31
  Use: Scroll            |     8 |     8 |     3 |     8 |    14 |    12 |     1 ||    54
       Potion            |     3 |     1 |       |     2 |       |     7 |     1 ||    14
Armor: Scale mail        |    45 |    78 |    30 |       |       |       |       ||   153
       Chain mail        |       |       |   102 |       |       |       |       ||   102
       Plate armour      |       |       |     2 |   325 |   647 |   890 |   148 ||  2012
Dodge: Dodged            |    44 |    66 |    87 |   168 |   388 |   637 |   132 ||  1522
       Repelled          |       |       |       |       |     3 |     5 |     1 ||     9
Block: Buckler           |    14 |    22 |    42 |   113 |   279 |    23 |       ||   493
       Kite shield       |       |       |       |       |       |   973 |   163 ||  1136

Table legend:
 A = Non-vault XP
 B = Vault XP
 C = Vault XP percentage of total XP
 D = Non-vault monster count
 E = Vault monster count
 F = Vault count percentage of total count
                 A         B        C        D         E       F
            +---------+---------+-------+---------+---------+-------
      Total |  231598 |  130595 |  36.1 |     738 |     404 |  35.4
            +---------+---------+-------+---------+---------+-------
        D:1 |      32 |       5 |  13.5 |      18 |       3 |  14.3
        D:2 |      18 |       0 |   0.0 |       3 |       0 |   0.0
        D:3 |     106 |       4 |   3.6 |      18 |       2 |  10.0
        D:4 |     362 |       0 |   0.0 |      20 |       0 |   0.0
        D:5 |     151 |    1225 |  89.0 |       9 |       4 |  30.8
        D:6 |    1109 |       0 |   0.0 |      19 |       0 |   0.0
        D:7 |    1143 |     490 |  30.0 |      20 |       2 |   9.1
        D:8 |     903 |    2204 |  70.9 |      19 |       5 |  20.8
        D:9 |    2801 |    1706 |  37.9 |      27 |      10 |  27.0
       D:10 |    3811 |    2268 |  37.3 |      19 |      29 |  60.4
       D:11 |    2978 |       0 |   0.0 |      13 |       0 |   0.0
       D:12 |    3257 |    6603 |  67.0 |      13 |      15 |  53.6
       D:13 |    6103 |    7534 |  55.2 |      18 |      25 |  58.1
       D:14 |    7128 |       0 |   0.0 |      20 |       0 |   0.0
       D:15 |    7166 |    2841 |  28.4 |      15 |       3 |  16.7
     Lair:1 |    4994 |     925 |  15.6 |      20 |       6 |  23.1
     Lair:2 |    9243 |    1463 |  13.7 |      29 |       8 |  21.6
     Lair:3 |    8686 |     670 |   7.2 |      28 |       3 |   9.7
     Lair:4 |    6549 |    1685 |  20.5 |      25 |       8 |  24.2
     Lair:5 |   12653 |   14568 |  53.5 |      26 |      49 |  65.3
   Shoals:1 |   14292 |    1226 |   7.9 |      32 |       4 |  11.1
   Shoals:2 |   13471 |    2202 |  14.0 |      26 |       9 |  25.7
   Shoals:3 |   15034 |       0 |   0.0 |      27 |       0 |   0.0
   Spider:1 |   16241 |    2810 |  14.7 |      47 |      12 |  20.3
   Spider:2 |   16364 |   21559 |  56.8 |      42 |      38 |  47.5
   Spider:3 |   23861 |    3387 |  12.4 |      66 |       7 |   9.6
   Spider:4 |   18043 |   17842 |  49.7 |      39 |      42 |  51.9
      Orc:1 |    1641 |    1534 |  48.3 |      17 |       4 |  19.0
      Orc:2 |    3462 |    7206 |  67.5 |      21 |      73 |  77.7
   Vaults:1 |   29996 |   28638 |  48.8 |      42 |      43 |  50.6
            +---------+---------+-------+---------+---------+-------
